Cogmind - Beta 15 @@@ ROGUE MODE // 2025.08.16 @ 00:24:27 Player: Selene Result: Destroyed by H-88 Terminator with KE Penetrator Performance ------------- Evolutions (8) 4000 Regions Visited (28) 5600 Robots Destroyed (294) 1470 Value Destroyed (13005) 13005 Prototype IDs (74) 1480 Alien Tech Used (6) 1200 Bonus (7399) 7399 TOTAL SCORE: 34154 Bonus ------- High Alert Combat Kills 736 Follower Combat Kills 2459 Forged Quantum Companion 2000 Entered Garrisons 400 Used RIF Installer 500 Registered with UFD 300 Met Optimus in HQ 500 Met Zhirov 300 Read Decrypted Archives 300 Friendly Fire -96 Cogmind --------- Core Integrity 0/1450 Matter 295/300 Energy 190/190 System Corruption 18% Temperature Cool (0) Movement Hovering (77) Location -2/Protoforge Parts ------- > --- POWER (2) -------- Light Quantum Reactor > --- PROPULSION (7) --- Combat Antigrav System Combat Antigrav System > --- UTILITY (10) ----- Experimental Heat Sink Machine Analyzer Experimental Optical Array Experimental Signal Interpreter Advanced Targeting Computer Advanced Target Analyzer Experimental Core Analyzer Experimental Armor Integrity Analyzer Experimental Weapon Shielding Graphene Brace > --- WEAPON (4) ------- Helical Railgun Superquantum Companion > --- INVENTORY (5) ---- Dimensional Node Initializer Concept XC Strikerail Sigix Terminator (1) Peak State ------------ > --- POWER ------------ Quantum Reactor Light Quantum Reactor > --- PROPULSION ------- Cooled Gravmag System Improved Antigrav System Combat Antigrav System Combat Antigrav System Combat Antigrav System Combat Antigrav System Combat Antigrav System > --- UTILITY ---------- Large Storage Unit Machine Analyzer Experimental Optical Array Experimental Signal Interpreter Advanced Targeting Computer Experimental Core Analyzer Experimental Armor Integrity Analyzer Experimental Kinecellerator Centrium Medium Armor Plating Graphene Brace > --- WEAPON ----------- Multirail Concept XC Strikerail Concept XC Strikerail Superquantum Companion > --- INVENTORY -------- Particle Reactor Light Quantum Reactor Cooled Gravmag System Combat Antigrav System Experimental Cooling System Advanced Point Defense System Long-range Tractor Beam Dimensional Node Initializer Transdimensional Reconstructor Railgun Helical Railgun Concept XC Strikerail Gamma Bomb Array Sigix Terminator [Rating: 207] Favorites ----------- Power Micro Nuclear Core Engine Light Angular Momentum Engine Power Core Micro Nuclear Core Reactor Quantum Reactor Propulsion Nuclear Pulse Array Treads Light Treads Leg Improved Carbon-fiber Leg Wheel Compact Wheel Hover Unit Cooled Gravmag System Flight Unit Nuclear Pulse Array Utility Machine Analyzer Device Improved Heat Sink Storage Medium Storage Unit Processor Machine Analyzer Hackware Improved Hacking Suite Protection Hardened Light Armor Plating Artifact Phase Armor Weapon Companion Sword Energy Gun Beamcaster Energy Cannon Enhanced Nova Cannon Ballistic Gun Enhanced Autogun Ballistic Cannon Improved Light Cannon Launcher Mini Smartbomb Launcher Special Weapon Improved Remote Datajack Impact Weapon Maul Slashing Weapon Companion Sword Build | -11 -10 -9 -9 -8 -8 -8 -8 -6 -6 -6 -6 -6 -5 -5 -5 -5 -5 -4 -4 -4 -4 -4 -4 -4 -3 -2 -2 -2 ------- Run | Yrd Mat Mat Min Mat Sto Rec Scr Fac Was Fac Gar Fac Fac Was Fac Gar Fac Fac Was Fac Ext Cet Arc Hub Res Res Qua Frg Slots Evolved 16 | . . 2 . 2 . . . 4 . . . . 2 . . . . 2 . . . . . . 2 2 . . Power 1 | . . . . . . . . . . . . . 1 . . . . . . . . . . . . . . . Propulsion 5 | . . . . 1 . . . 2 . . . . 1 . . . . 1 . . . . . . . . . . Utility 8 | . . 2 . 1 . . . 2 . . . . . . . . . 1 . . . . . . 1 1 . . Weapon 2 | . . . . . . . . . . . . . . . . . . . . . . . . . 1 1 . . Parts Attached 333 | 7 6 36 4 27 13 4 21 28 . 5 1 4 16 . 7 3 10 3 5 . 13 5 . 2 30 19 25 39 Power 54 | 1 2 4 . 5 1 1 3 3 . . . . 2 . 1 . 4 . 1 . 3 1 . . 3 5 6 8 Engine 13 | 1 2 4 . 1 1 . 2 . . . . . 2 . . . . . . . . . . . . . . . Core 17 | . . . . 4 . 1 1 2 . . . . . . 1 . 4 . 1 . 2 1 . . . . . . Reactor 24 | . . . . . . . . 1 . . . . . . . . . . . . 1 . . . 3 5 6 8 Propulsion 89 | 2 2 11 . 5 4 2 5 6 . . 1 1 4 . 3 . 2 . 1 . 3 2 . 2 12 7 7 7 Treads 15 | . . 6 . 1 1 1 4 . . . . . . . . . . . . . . 1 . . 1 . . . Leg 8 | 2 . . . 4 . . . . . . . . . . . . . . . . . . . . . . 1 1 Wheel 10 | . 2 4 . . 2 1 1 . . . . . . . . . . . . . . . . . . . . . Hover 35 | . . . . . . . . . . . . . . . . . . . . . 2 1 . 2 11 7 6 6 Flight 21 | . . 1 . . 1 . . 6 . . 1 1 4 . 3 . 2 . 1 . 1 . . . . . . . Utility 115 | 2 1 7 2 7 3 . 10 16 . 4 . 3 8 . 1 3 2 3 2 . 6 1 . . 9 4 4 17 Device 45 | 1 . 1 1 3 . . 1 9 . 1 . 1 5 . 1 1 . 1 1 . 1 . . . 6 3 2 6 Storage 9 | 1 1 . . . 1 . 3 . . . . . . . . . . . . . 1 . . . 2 . . . Processor 18 | . . 1 . 1 . . 1 4 . 1 . . . . . . . 1 1 . 1 . . . . . . 7 Hackware 11 | . . . . 1 . . 2 2 . . . 2 1 . . 1 1 1 . . . . . . . . . . Protection 30 | . . 5 1 2 2 . 3 1 . 2 . . 2 . . 1 1 . . . 3 1 . . 1 1 . 4 Artifact 2 | . . . . . . . . . . . . . . . . . . . . . . . . . . . 2 . Weapon 75 | 2 1 14 2 10 5 1 3 3 . 1 . . 2 . 2 . 2 . 1 . 1 1 . . 6 3 8 7 Energy Gun 23 | 1 1 9 . 7 . . 1 . . . . . . . . . . . . . . . . . 2 2 . . Energy Cannon 6 | . . 1 . . . . . . . . . . 1 . . . . . 1 . . . . . 2 . 1 . Ballistic Gun 22 | 1 . 2 1 2 3 1 . . . . . . . . 1 . . . . . . 1 . . . 1 2 7 Ballistic Cannon 1 | . . . . . . . 1 . . . . . . . . . . . . . . . . . . . . . Launcher 10 | . . 1 1 1 1 . . 1 . . . . . . . . 1 . . . . . . . 2 . 2 . Special Weapon 6 | . . . . . . . . 2 . 1 . . 1 . 1 . 1 . . . . . . . . . . . Impact Weapon 2 | . . 1 . . . . . . . . . . . . . . . . . . . . . . . . 1 . Slashing Weapon 5 | . . . . . 1 . 1 . . . . . . . . . . . . . 1 . . . . . 2 . Piercing Weapon . | . . . . . . . . . . . . . . . . . . . . . . . . . . . . . Special Melee Weapon . | . . . . . . . . . . . . . . . . . . . . . . . . . . . . . Unidentified Prototypes 48 | . . 5 . 5 2 . 1 1 . . 1 . . . 2 . 1 . . . . 2 . . 7 . 11 10 Corrupted Parts 1 | . . . . . . . 1 . . . . . . . . . . . . . . . . . . . . . System Corruption 3 | . . . . . . . 3 . . . . . . . . . . . . . . . . . . . . . Parts Lost 75 | . 1 4 . 6 1 . . 4 . 1 1 . 1 . . . 4 . . . 11 1 . 1 3 4 4 28 Power 12 | . . . . . . . . 1 . . . . . . . . 2 . . . 2 . . . 1 . 1 5 Propulsion 23 | . 1 3 . 2 1 . . . . 1 . . 1 . . . . . . . 3 1 . 1 . . 1 8 Utility 29 | . . 1 . 4 . . . 2 . . 1 . . . . . 2 . . . 6 . . . 1 2 1 9 Weapon 11 | . . . . . . . . 1 . . . . . . . . . . . . . . . . 1 2 1 6 Highest Loss Streak 10 | . 1 1 . 3 1 . . 1 . 1 1 . 1 . . . 3 . . . 3 1 . 1 2 2 1 10 To Critical Strikes 1 | . . . . . . . . . . . . . . . . . . . . . . . . . . . 1 . Average Backups 14 | 2 7 14 15 14 16 20 23 9 10 9 9 9 9 9 8 9 9 9 9 9 9 9 9 9 9 14 13 12 Power 1 | . 1 1 1 1 2 1 1 1 1 1 1 1 1 1 1 1 . 1 1 1 1 2 1 1 . 2 1 . Propulsion 2 | 1 1 1 4 2 3 6 5 1 3 2 1 1 1 2 1 1 2 1 1 2 . . 1 1 3 4 3 2 Utility 5 | . 1 3 3 1 4 7 11 5 5 5 6 6 5 5 5 5 5 4 5 4 3 3 3 3 4 5 5 3 Weapon 3 | . 2 7 7 8 5 4 3 1 1 1 . 1 1 1 1 1 1 2 1 1 3 3 4 3 1 2 2 4 Tool/Special . | . . . . . . . . . . . . . . . . . . . . . . . . . . . . . Unused Backups 101 | . . 14 1 13 4 4 16 9 1 1 . 1 3 . 2 2 3 2 3 . 6 1 . . 5 2 2 6 Power 12 | . . 1 1 2 . 1 2 . . . . . . . . 1 . . . . 2 1 . . . 1 . . Propulsion 14 | . . 2 . 1 2 2 2 1 . 1 . . . . . . . . . . . . . . 2 1 . . Utility 43 | . . 3 . 2 1 . 9 7 1 . . 1 3 . 2 1 1 . 2 . 2 . . . 3 . 2 3 Weapon 28 | . . 8 . 8 1 1 1 1 . . . . . . . . 2 2 1 . 2 . . . . . . 1 Tool/Special 4 | . . . . . . . 2 . . . . . . . . . . . . . . . . . . . . 2 Average Slot Usage (%) 90 | . 96 98 100 98 98 91 83 96 100 99 94 99 82 82 82 82 81 83 84 84 74 81 84 85 91 92 97 88 Engine 3 | . 14 11 11 3 3 2 7 . . . . . 4 5 1 . . . . . . . . . . . . . Core 3 | . . . . 5 5 6 1 5 6 6 6 6 4 5 9 11 10 10 10 10 8 5 5 3 1 . . . Reactor 1 | . . . . . . . . . . . . . . . . . . . . . . . . 2 6 8 8 7 Treads 3 | . . 16 22 3 . 1 5 . . . . . . . . . . . . . . . . . . . . . Leg 2 | . 17 . . 22 23 . . . . . . . . . . . . . . . . . . . . . . . Wheel 3 | . 7 5 . . 1 18 14 . . . . . . . . . . . . . . . . . . . . . Hover 4 | . . . . . . . . . . . . . . . . . . . . . . 12 15 17 27 27 29 27 Flight 8 | . . . . . . . . 32 33 33 33 33 18 17 17 17 17 21 21 21 18 15 15 14 . . . . Device 9 | . 14 20 22 12 9 9 2 10 6 9 1 4 5 5 4 3 4 2 1 . 2 5 5 5 8 12 12 10 Storage 7 | . 14 11 11 9 9 9 9 6 6 6 6 6 5 5 5 5 5 5 5 5 5 5 5 5 4 4 4 3 Processor 10 | . . 1 . 7 9 9 9 12 20 16 13 13 11 11 11 11 11 10 13 15 19 21 21 21 19 17 17 19 Hackware 7 | . . . . 5 9 9 10 14 13 13 10 19 12 11 11 12 11 12 10 10 8 5 5 5 4 4 4 2 Protection 6 | . . 10 11 9 8 9 7 1 . . 11 1 3 5 5 5 4 9 10 10 4 4 5 5 3 3 3 2 Energy Gun 2 | . 14 12 . 13 3 . . . . . . . . . . . . . . . . . . . 3 9 . . Ballistic Gun 5 | . 14 6 21 3 12 18 10 . . . . . . . . . . . . . . . . . . . 5 4 Special Weapon 1 | . . . . . . . . 2 6 5 1 5 5 5 5 5 4 5 2 . . . . . . . . . Slashing Weapon 3 | . . . . . 2 . 3 5 6 6 5 6 5 5 5 5 5 5 5 5 4 5 5 5 4 4 5 4 Peak Build Rating 207 | 7 8 22 22 41 43 39 46 60 60 64 66 58 92 91 94 94 91 108 113 114 115 106 94 103 152 168 188 207 Average Rating 68 | 5 7 17 20 36 39 37 40 52 60 60 57 56 84 91 90 93 85 104 110 112 88 91 94 96 142 159 176 165 On Entrance 73 | . 7 7 20 22 41 33 38 39 60 60 59 52 56 91 91 89 91 85 108 112 112 95 94 94 96 146 158 178 Naked Turns . | . . . . . . . . . . . . . . . . . . . . . . . . . . . . . Heaviest Build 223 | 12 27 41 44 50 58 57 223 25 24 26 27 26 38 38 38 39 39 40 40 40 42 32 32 34 83 94 97 115 Greatest Support 112 | 20 32 40 40 60 54 44 64 28 26 26 26 26 39 39 39 39 39 44 47 49 47 80 32 53 83 83 112 112 Greatest Overweight (x) 5 | . 1 3 1 2 3 1 5 . . . 1 . . . . . 1 . . . 2 1 . . 1 1 1 1 Average Overweight (x) . | . . . 1 . . 1 2 . . . . . . . . . . . . . . . . . . . . . Largest Inventory Capacity 35 | 8 15 15 15 15 20 20 35 10 10 10 10 10 10 10 10 10 10 10 10 10 10 10 10 10 15 15 15 15 Average Capacity 14 | 7 8 15 15 15 17 20 24 10 10 10 10 10 10 10 10 10 10 10 10 10 10 10 10 10 10 15 15 14 Most Carried 35 | 6 10 15 15 15 20 20 35 10 10 10 10 10 10 10 10 10 10 10 10 10 10 10 10 10 15 15 15 15 Average Carried 14 | 2 7 14 14 14 16 19 23 9 9 9 9 9 9 10 9 9 9 9 9 9 9 9 10 9 10 14 14 14 Final Capacity 20 | 8 15 15 15 15 20 20 10 10 10 10 10 10 10 10 10 10 10 10 10 10 10 10 10 10 15 15 15 5 Final Carried 20 | 5 10 15 15 15 20 20 10 10 10 10 10 10 10 10 9 10 10 10 10 10 10 10 10 10 15 15 14 4 Class Distribution -------------------- 17% | Mutant 16% | Scavenger-Mutant 13% | Commander-Mutant 10% | Hacker-Scout 7% | Hacker-Sprinter 6% | Hauler-Mutant 5% | Hacker-Ninja 5% | Scout 4% | Ninja 4% | Scavenger-Scout Dominant Class ---------------- Mutant | -10/Materials Scavenger-Mutant | -9/Materials Scavenger-Mutant | -9/Mines Mutant | -8/Materials Mutant | -8/Storage Commander-Mutant | -8/Recycling Commander-Mutant | -8/Scraptown Hacker-Ninja | -6/Factory Hacker-Scout | -6/Waste Hacker-Ninja | -6/Factory Hacker-Sprinter | -6/Garrison Hacker-Scout | -6/Factory Hacker-Scout | -5/Factory Hacker-Scout | -5/Waste Hacker-Scout | -5/Factory Hacker-Mutant | -5/Garrison Scout | -5/Factory Hacker-Sprinter | -4/Factory Hacker-Sprinter | -4/Waste Hacker-Sprinter | -4/Factory Commander-Sprinter | -4/Extension Mutant | -4/Cetus Mutant | -4/Archives Mutant | -4/Hub_04(d) Mutant | -3/Research Scavenger-Scout | -2/Research Scavenger-Scout | -2/Quarantine Ninja | -2/Protoforge Resources | -11 -10 -9 -9 -8 -8 -8 -8 -6 -6 -6 -6 -6 -5 -5 -5 -5 -5 -4 -4 -4 -4 -4 -4 -4 -3 -2 -2 -2 ----------- Run | Yrd Mat Mat Min Mat Sto Rec Scr Fac Was Fac Gar Fac Fac Was Fac Gar Fac Fac Was Fac Ext Cet Arc Hub Res Res Qua Frg Matter Collected 8666 | 281 54 570 202 426 753 295 251 602 . 299 42 31 487 . 90 262 283 63 323 27 1052 85 . 20 490 270 526 882 Remotely . | . . . . . . . . . . . . . . . . . . . . . . . . . . . . . Salvage Created 14115 | 99 142 1244 117 1666 1109 248 . 482 . 186 80 29 520 . 99 90 490 63 . 398 624 93 . 47 1144 1306 679 3160 Parts 751 | 8 10 94 15 78 54 15 . 33 . 7 4 2 14 . 2 10 28 7 . 22 30 2 . 2 50 71 40 153 Haulers Intercepted 24 | . . 4 . 5 6 . . 1 . 1 . . 2 . 1 . . . . 1 . . . . 2 1 . . Recyclers Shooed 8 | 1 2 . . . 2 . . 2 . . . . . . . . . . . . 1 . . . . . . . Parts Field Recycled . | . . . . . . . . . . . . . . . . . . . . . . . . . . . . . Retrieved Matter . | . . . . . . . . . . . . . . . . . . . . . . . . . . . . . Parts Self-Destructed . | . . . . . . . . . . . . . . . . . . . . . . . . . . . . . Prevented . | . . . . . . . . . . . . . . . . . . . . . . . . . . . . . Kills | -11 -10 -9 -9 -8 -8 -8 -8 -6 -6 -6 -6 -6 -5 -5 -5 -5 -5 -4 -4 -4 -4 -4 -4 -4 -3 -2 -2 -2 ------- Run | Yrd Mat Mat Min Mat Sto Rec Scr Fac Was Fac Gar Fac Fac Was Fac Gar Fac Fac Was Fac Ext Cet Arc Hub Res Res Qua Frg Combat Hostiles Destroyed 184 | . 3 24 8 25 10 4 . 7 . . 2 . 1 . . 2 7 . . 10 10 1 . . 15 13 8 34 Melee 69 | . . . . . . . . 6 . . 1 . 1 . . 2 3 . . 3 4 1 . . 11 9 6 22 Guns 63 | . 3 14 2 25 10 4 . . . . . . . . . . . . . . . . . . . . . 5 Cannons 10 | . . 1 . . . . . . . . . . . . . . . . . . . . . . 4 2 . 3 AOE 34 | . . 8 6 . . . . 1 . . 1 . . . . . 4 . . 7 6 . . . . 1 . . Classes Destroyed 19 | 2 2 6 . 3 . 2 . . . . . . . . . 1 . . . . . . . . . . 1 2 Worker 25 | . 1 3 . 5 5 . . 1 . . . 1 . . . . 2 2 . 1 1 . . . . 2 1 . Builder 4 | . . 3 . . . . . . . . . . . . . . . . . . 1 . . . . . . . Tunneler 2 | 2 . . . . . . . . . . . . . . . . . . . . . . . . . . . . Hauler 24 | . . 4 . 5 6 . . 1 . 1 . . 2 . 1 . . . . 1 . . . . 2 1 . . Recycler 13 | 1 . 1 . . 3 1 . . . . . . 2 . . . 1 . . 1 1 . . . 1 1 . . Mechanic 5 | . . 1 . . . . . 1 . . . . . . . . . . . . 1 . . . . . . 2 Operator 5 | . . . . 2 . . . 1 . . . . . . . . . . . . . . . . . . 2 . Drone 1 | . . . . . . . . . . . . . . . . . . . . . . . . . . . . 1 Watcher 32 | . . 5 . 2 . . . 3 . 3 . . 2 . . . 2 1 . . 1 1 . 1 . 3 2 6 Swarmer 45 | . . 11 6 . 2 . . 4 . . . . 1 . . . . . . 8 3 . . . 9 1 . . Cutter 1 | . . . . . . . . . . . . . . . . 1 . . . . . . . . . . . . Grunt 47 | . 3 6 2 15 1 . . . . . . . . . . . 4 . . . 3 . . . 4 3 . 6 Duelist 3 | . . . . 1 . . . . . . 2 . . . . . . . . . . . . . . . . . Protector 1 | . . . . . . 1 . . . . . . . . . . . . . . . . . . . . . . Sentry 37 | . . 7 . 8 7 2 . . . . . . . . . . . . . . 3 . . . 2 2 . 6 Hunter 14 | . . . . 1 . . . 1 . . . . . . . 1 . . . . 1 . . . . 2 . 8 Programmer 27 | . . . . . . 1 . 2 . . . . . . . . 3 . . 2 . . . . . 5 7 7 Cetus Guard 1 | . . . . . . . . . . . . . . . . . . . . . . 1 . . . . . . Hotshot 2 | . . . . . . . . . . . . . . . . . . . . . . . . . . . . 2 Executioner 2 | . . . . . . . . . . . . . . . . . . . . . . . . . . . . 2 Alpha 7 3 | . . . . . . . . . . . . . . . . . . . . . . . . . . . 1 2 Best Kill Streak 12 | 3 4 12 3 5 4 2 . 3 . 1 2 1 3 . 1 1 4 2 . 5 5 2 . 1 5 3 3 6 Combat Bots Only 6 | . 3 4 3 5 3 2 . 3 . . 2 . 1 . . 1 4 . . 5 3 1 . . 5 3 3 6 Max Kills in Single Turn 4 | 1 1 4 2 1 2 1 . 1 . 1 1 1 1 . 1 1 2 1 . 4 2 1 . 1 1 1 1 2 Gunslinging . | . . . . . . . . . . . . . . . . . . . . . . . . . . . . . Exploded 4 | . . 4 2 . . . . 1 . . 1 . . . . . 2 . . 4 2 . . . . 1 . . Melee 1 | . . . . . . . . 1 . . 1 . 1 . . 1 1 . . 1 1 1 . . 1 1 1 1 Uniques/NPCs Destroyed . | . . . . . . . . . . . . . . . . . . . . . . . . . . . . . Combat | -11 -10 -9 -9 -8 -8 -8 -8 -6 -6 -6 -6 -6 -5 -5 -5 -5 -5 -4 -4 -4 -4 -4 -4 -4 -3 -2 -2 -2 -------- Run | Yrd Mat Mat Min Mat Sto Rec Scr Fac Was Fac Gar Fac Fac Was Fac Gar Fac Fac Was Fac Ext Cet Arc Hub Res Res Qua Frg Hostile Shots Fired 1543 | . 28 109 12 156 52 53 . 116 . 14 22 7 29 . 7 50 52 13 . 46 136 5 . 10 83 138 73 332 Missed 560 | . 9 35 4 43 20 5 . 61 . 9 12 5 13 . 4 26 27 6 . 26 61 4 . 3 20 55 22 90 Deflected 19 | . . . . . . . . . . . . . . . . . . . . . . . . . 1 6 2 10 Hits 983 | . 19 74 8 113 32 48 . 55 . 5 10 2 16 . 3 24 25 7 . 20 75 1 . 7 63 83 51 242 Melee 8 | . . . . 4 . . . . . . 2 . . . . 2 . . . . . . . . . . . . Projectile 975 | . 19 74 8 109 32 48 . 55 . 5 8 2 16 . 3 22 25 7 . 20 75 1 . 7 63 83 51 242 AOE 7 | . . . . . . . . . . . . . 3 . . 2 1 . . . 1 . . . . . . . Critical Strikes 49 | . 1 . . 3 . . . 1 . . . . . . . 4 3 . . . 4 . . . 1 8 6 18 Actively Blocked 20 | . . . . . . . . . . . . . . . . . . . . . . . . . 1 6 . 13 Part Disruptions 2 | . . . . . . . . . . . . . . . . . 1 . . . . . . . . . . 1 Damage Taken 19789 | . 234 773 68 1607 486 504 . 670 . 76 230 27 799 . 65 544 649 147 . 337 1449 124 . 189 1151 1675 1151 6834 Core 3104 | . 34 160 9 236 29 27 . 201 . 19 31 . 165 . 19 144 29 16 . 55 247 32 . 62 124 139 113 1213 Absorbed by Shields 1293 | . . . . 181 . 54 . 11 . . 24 . . . . 46 20 . . . 310 . . . 315 332 . . Redirected to Core 201 | . . . . . . . . . . . . . . . . . . . . . . . . . . . . 201 Redirected to Shielding 443 | . . 4 . . . . . . . . 34 . . . . 38 . 61 . 45 70 . . . . . . 191 Regen/Repaired (Parts) 1606 | . . 72 . . 189 . . 41 . 4 . . 102 . . . 136 . 246 142 42 . . . . . 92 540 Core Remaining (%) 72 | 100 86 . 57 . . . 46 . . . . 70 . . . . 64 . . . . . . 64 90 . . . Volleys Fired 441 | 6 12 91 7 104 68 20 . 7 . 1 5 6 8 . . 9 17 2 . 8 23 . . . 14 3 3 27 Largest 3 | 2 2 2 2 2 2 2 . 1 . 1 1 1 1 . . 1 1 1 . 1 1 . . . 1 1 1 3 Hottest 138 | 60 60 130 56 138 100 50 . 43 . 5 43 5 105 . . 7 80 7 . 80 80 . . . 120 35 45 120 Shots Fired 750 | 12 23 172 11 203 133 41 . 7 . 1 5 6 8 . . 9 17 2 . 8 23 . . . 14 3 6 46 Gun 611 | 12 23 149 7 203 133 41 . . . . . . . . . . . . . . . . . . 1 3 6 33 Cannon 42 | . . 19 . . . . . . . . . . 1 . . . . . . . . . . . 13 . . 9 Launcher 57 | . . 4 4 . . . . 5 . . 5 . . . . . 4 . . 8 23 . . . . . . 4 Special 40 | . . . . . . . . 2 . 1 . 6 7 . . 9 13 2 . . . . . . . . . . Kinetic 285 | 6 12 22 7 52 103 41 . . . . . . . . . . . . . . . . . . . 3 6 33 Thermal 364 | 6 11 142 . 151 30 . . . . . . . 1 . . . . . . . . . . . 14 . . 9 Explosive 53 | . . 4 4 . . . . 5 . . 5 . . . . . 4 . . 8 23 . . . . . . . Electromagnetic 8 | . . 4 . . . . . . . . . . . . . . . . . . . . . . . . . 4 Robot Hit Streak 15 | 3 6 12 4 15 8 11 . 6 . . 1 4 6 . . 6 6 7 . . 8 . . . 9 12 1 5 Robot Miss Streak 8 | 1 3 8 2 3 5 3 . 2 . . 3 1 1 . . 1 2 . . . . . . . . . 1 5 Penetration Max 1 | . . . . . . . . . . . . . . . . . . . . . . . . . . . . 1 Secondary Targets 7 | . 1 . . 3 1 . . . . . . . . . . . . . . . . . . . . . . 2 Max Gunslinging Chain 1 | . 1 . . 1 1 . . . . . . . . . . . . . . . . . . . . . . 1 Autonomous 17 | . . . . . . . . . . . . . . . . . . . . . . . . . 7 4 . 6 Shots Hit Robots 779 | 7 14 104 6 135 81 28 . 31 . 4 5 6 29 . 1 10 26 4 . 7 31 5 . 4 41 53 29 118 Core Hits 423 | 4 7 68 9 63 30 11 . 9 . 2 4 1 7 . 1 2 19 3 . 14 51 2 . 1 17 23 10 65 Critical Kills 2 | . . . . 1 . . . . . . . . . . . . . . . . . . . . . . . 1 Critical Parts Destroyed 1 | . . . . . . . . . . . . . . . . . . . . . . . . . . . . 1 Critical Strikes 34 | . . 3 . 11 2 . . 2 . . . . 2 . . . . . . . 4 . . . . 2 . 8 Burn 15 | . . 3 . 10 2 . . . . . . . . . . . . . . . . . . . . . . . Destroy 3 | . . . . 1 . . . . . . . . . . . . . . . . . . . . . . . 2 Melee Attacks 906 | . . 5 . . 8 . . 130 . 53 16 25 90 . 29 29 90 14 . 19 39 6 . 12 64 68 57 152 Impact 5 | . . 5 . . . . . . . . . . . . . . . . . . . . . . . . . . Slashing 901 | . . . . . 8 . . 130 . 53 16 25 90 . 29 29 90 14 . 19 39 6 . 12 64 68 57 152 Piercing . | . . . . . . . . . . . . . . . . . . . . . . . . . . . . . Sneak Attacks 48 | . . . . . 2 . . 8 . 2 . 1 4 . 1 . 3 2 . . 6 . . . 3 4 3 9 Combat Hostiles 10 | . . . . . . . . . . . . . . . . . . . . . 3 . . . . . 1 6 Follow-up Attacks 5 | . . . . . . . . . . . . . . . . . . . . . . . . . . 1 . 4 Damage Inflicted 39298 | 83 174 1912 465 2635 1714 430 . 1853 . 339 308 168 1293 . 80 103 1466 215 . 1339 5085 238 . 206 3199 3964 2420 9609 Guns 7236 | 80 174 1326 78 2586 1529 430 . . . . . . . . . . . . . . . . . . 25 100 45 863 Cannons 1692 | . . 184 . . . . . . . . . . . . . . . . . . . . . . 605 346 . 557 Explosions 6348 | . . 402 387 . . . . 96 . . 211 . . . . . 602 . . 1040 3337 . . . . . . 273 Melee 23956 | . . . . . 171 . . 1757 . 339 97 168 1293 . 80 103 864 215 . 299 1748 238 . 206 2569 3518 2375 7916 Ramming 66 | 3 . . . 49 14 . . . . . . . . . . . . . . . . . . . . . . . Kinetic 3558 | 47 94 178 78 644 1079 430 . . . . . . . . . . . . . . . . . . . 100 45 863 Thermal 3983 | 33 80 1269 . 1942 450 . . . . . . . . . . . . . . 184 . . . . 25 . . . Explosive 5891 | . . 402 387 . . . . 96 . . 211 . . . . . 602 . . 856 3337 . . . . . . . Electromagnetic 336 | . . 63 . . . . . . . . . . . . . . . . . . . . . . . . . 273 Impact . | . . . . . . . . . . . . . . . . . . . . . . . . . . . . . Slashing 23956 | . . . . . 171 . . 1757 . 339 97 168 1293 . 80 103 864 215 . 299 1748 238 . 206 2569 3518 2375 7916 Piercing . | . . . . . . . . . . . . . . . . . . . . . . . . . . . . . Phasic 1508 | . . . . . . . . . . . . . . . . . . . . . . . . . 605 346 . 557 Highest Corruption 18 | . . 2 2 5 5 5 3 . 5 5 5 5 3 9 9 9 13 . . . 1 1 1 1 1 5 10 18 Average Corruption 5 | . . 1 2 5 5 5 3 . 5 5 5 5 2 6 9 9 10 . . . 1 1 1 1 1 2 8 13 Corruption Purged 2 | . . . . . . . . . . . . . 2 . . . . . . . . . . . . . . . Corruption Blocked . | . . . . . . . . . . . . . . . . . . . . . . . . . . . . . Effects 313 | . . 16 14 1 35 31 1 . . 20 6 9 11 2 14 8 46 . . . 2 . 1 1 2 4 29 60 Message Errors 86 | . . 6 1 . 10 5 1 . . 6 . 3 2 1 3 3 19 . . . . . . . 1 1 10 14 Matter Fused 70 | . . 4 4 . 5 11 . . . 4 2 4 3 . 5 2 14 . . . 1 . . . . 1 2 8 Heat Flow Errors 35 | . . 2 4 . 3 3 . . . 2 . 1 . 1 . 1 3 . . . . . . . . . 2 13 Energy Discharges 42 | . . 1 2 . 7 1 . . . 4 2 1 3 . 2 2 4 . . . . . 1 . . 1 5 6 Parts Rejected 3 | . . . . . . 1 . . . . . . . . . . 1 . . . . . . . . . . 1 Parts Fused 2 | . . . . . . . . . . . . . . . 1 . . . . . . . . . . . . 1 Data Loss (minor) 38 | . . 1 . . 5 6 . . . 3 1 . 3 . 2 . 5 . . . 1 . . . 1 1 4 5 Data Loss (major) 11 | . . . 1 1 1 3 . . . 1 1 . . . . . . . . . . . . . . . 2 1 Misfires 12 | . . 1 1 . 2 1 . . . . . . . . . . . . . . . . . . . . 3 4 Alerts 6 | . . 1 1 . 1 . . . . . . . . . 1 . . . . . . . . 1 . . . 1 Misdirections 6 | . . . . . . . . . . . . . . . . . . . . . . . . . . . 1 5 Weapon Failures 2 | . . . . . 1 . . . . . . . . . . . . . . . . . . . . . . 1 Overload Shots . | . . . . . . . . . . . . . . . . . . . . . . . . . . . . . Overflow Damage 2935 | . . 8 36 . 30 . . 497 . 104 . 17 142 . . . 178 . . 115 263 . . . 308 169 432 636 Projectiles 69 | . . . . . . . . . . . . . . . . . . . . . . . . . . . . 69 Explosions 279 | . . 8 36 . . . . . . . . . . . . . 3 . . 115 117 . . . . . . . Melee 2587 | . . . . . 30 . . 497 . 104 . 17 142 . . . 175 . . . 146 . . . 308 169 432 567 Knockbacks . | . . . . . . . . . . . . . . . . . . . . . . . . . . . . . Impact . | . . . . . . . . . . . . . . . . . . . . . . . . . . . . . Kinetic . | . . . . . . . . . . . . . . . . . . . . . . . . . . . . . Secondary . | . . . . . . . . . . . . . . . . . . . . . . . . . . . . . Self-Inflicted Damage 42 | . . 13 . . . . . . . . 11 . . . . . . . . 18 . . . . . . . . Shots 3 | . . 1 . . . . . . . . 1 . . . . . . . . 1 . . . . . . . . Rammed . | . . . . . . . . . . . . . . . . . . . . . . . . . . . . . Targets Rammed 10 | 2 . . . 6 2 . . . . . . . . . . . . . . . . . . . . . . . Kicked 10 | 2 . . . 6 2 . . . . . . . . . . . . . . . . . . . . . . . Crushed . | . . . . . . . . . . . . . . . . . . . . . . . . . . . . . Highest Temperature 385 | . 17 270 250 385 234 266 . 9 . 240 30 202 74 128 4 234 218 9 1 138 304 . . 13 305 1 203 259 Average Temperature 64 | . 8 44 111 80 43 79 . 4 . 80 18 76 18 84 4 113 89 4 1 35 102 . . 7 89 1 26 83 Received Heat Transfer 3140 | . 147 225 9 753 189 261 . 75 . 39 45 . 30 . 18 121 100 27 . . 266 9 . 36 126 178 45 441 Effects 5 | . . . . 3 . . . . . . . . . . . 1 . . . . . . . . . . 1 . Energy Bleed 2 | . . . . . . . . . . . . . . . . 1 . . . . . . . . . . 1 . Interference 3 | . . . . 3 . . . . . . . . . . . . . . . . . . . . . . . . Siege Activations . | . . . . . . . . . . . . . . . . . . . . . . . . . . . . . Martial Activations . | . . . . . . . . . . . . . . . . . . . . . . . . . . . . . Shielding Activations . | . . . . . . . . . . . . . . . . . . . . . . . . . . . . . Robots Disrupted 4 | . . . . . . . . . . . . . . . . . . . . . 1 . . . . . . 3 Combat Hostiles 4 | . . . . . . . . . . . . . . . . . . . . . 1 . . . . . . 3 Robots Corrupted 2 | . . . . . . . . . . . . . . . . . . . . . . . . . . . . 2 Combat Hostiles 2 | . . . . . . . . . . . . . . . . . . . . . . . . . . . . 2 Parts Fried 9 | . . . . . 1 . . . . . . . . . . . . . . . . . . . . 4 . 4 Impact Corruptions . | . . . . . . . . . . . . . . . . . . . . . . . . . . . . . Robots Melted 2 | . . 1 . 1 . . . . . . . . . . . . . . . . . . . . . . . . Combat Hostiles 1 | . . 1 . . . . . . . . . . . . . . . . . . . . . . . . . . Parts Melted 17 | . . 4 . 10 . . . . . . . . . . . . . . . . . . . . 1 . 2 . Heat Transferred 8679 | 75 175 3001 . 4403 888 . . . . . . . . . . . . . . 100 . . . . 37 . . . Parts Sabotaged . | . . . . . . . . . . . . . . . . . . . . . . . . . . . . . Parts Stolen . | . . . . . . . . . . . . . . . . . . . . . . . . . . . . . Parts Stripped 49 | . . . . . . . . . . . . . . . . . . . . . . . . . 12 . 23 14 Power Chain Reactions 1 | . . . . . . . . . . . . . . . . . . . . . . . . . . . . 1 Alert | -11 -10 -9 -9 -8 -8 -8 -8 -6 -6 -6 -6 -6 -5 -5 -5 -5 -5 -4 -4 -4 -4 -4 -4 -4 -3 -2 -2 -2 ------- Run | Yrd Mat Mat Min Mat Sto Rec Scr Fac Was Fac Gar Fac Fac Was Fac Gar Fac Fac Was Fac Ext Cet Arc Hub Res Res Qua Frg Maximum Alert Level 4 | . . 1 . 1 . . . 1 . . 2 1 . . 1 1 1 1 . 2 4 3 1 . 2 2 1 2 Low Security (%) 60 | 100 100 30 100 82 100 100 . 81 100 100 57 46 100 100 97 43 43 80 100 7 . . . 100 46 . . 42 Level 1 28 | . . 69 . 17 . . . 18 . . 36 53 . . 2 56 56 19 . 46 24 . 100 . 8 97 100 24 Level 2 6 | . . . . . . . . . . . 6 . . . . . . . . 45 30 . . . 44 2 . 33 Level 3 1 | . . . . . . . . . . . . . . . . . . . . . 5 100 . . . . . . Level 4 2 | . . . . . . . . . . . . . . . . . . . . . 38 . . . . . . . Level 5 . | . . . . . . . . . . . . . . . . . . . . . . . . . . . . . High Security . | . . . . . . . . . . . . . . . . . . . . . . . . . . . . . Max Security . | . . . . . . . . . . . . . . . . . . . . . . . . . . . . . Peak Influence 1400 | 10 79 364 121 234 114 54 . 224 75 113 414 253 76 8 221 367 289 249 83 601 1400 842 299 93 453 406 341 649 Initial 767 | . . 16 15 1 87 6 . . 75 45 67 217 76 8 . 130 192 141 83 . 231 767 299 93 31 252 220 171 Average 195 | 2 27 212 24 117 56 7 . 97 70 74 217 201 22 2 44 234 199 151 33 381 773 775 288 79 244 317 276 316 Influence Increases 12786 | 15 100 806 270 865 454 284 . 700 . 364 357 157 365 . 408 297 625 227 . 1263 2044 141 . 17 833 466 522 1206 Destroy 0b10 Robot/C 4920 | . 60 480 180 500 200 80 . 140 . . 40 . 20 . 120 80 140 . . 360 900 80 . . 460 260 160 660 Destroy 0b10 Robot/NC 600 | 15 5 85 . 70 70 10 . 35 . 20 . 5 30 . 5 . 25 15 . 40 35 5 . 5 20 35 25 45 Destroy Leader 1034 | . 20 148 30 144 92 . . 48 . 8 . . 8 . 42 20 24 2 . 64 84 . . 2 64 58 44 132 Allied During Kill 948 | . . . 8 4 . 14 . . . . . . . . 9 9 . . . 200 604 25 . . 75 . . . Successful Hack 749 | . 14 60 6 36 31 28 . 38 . 78 10 70 55 . 30 6 29 12 . 29 38 19 . . . 44 44 72 Select Force Hacks 150 | . . . . . . 150 . . . . . . . . . . . . . . . . . . . . . . Disable Machine 1050 | . . . 30 75 60 . . 105 . 15 30 15 45 . 30 . 75 15 . 135 45 . . . 45 30 195 105 Anti-Garrison Action 100 | . . . . . . . . . . . 50 . . . . 50 . . . . . . . . . . . . Destroy Structure 1630 | . 1 33 16 6 1 2 . 124 . 48 107 22 102 . 52 57 152 18 . 300 278 12 . 10 94 24 39 132 Partial Spotted 420 | . . . . . . . . 75 . 45 . 30 15 . 45 . 15 30 . 45 45 . . . 15 15 15 30 Lose Combat Pursuer 1185 | . . . . 30 . . . 135 . 150 120 15 90 . 75 75 165 135 . 90 15 . . . 60 . . 30 Influence Decreases 12195 | 15 60 805 305 663 645 301 . 484 151 332 40 415 496 25 221 117 703 278 238 790 1146 764 479 226 445 522 610 919 Entered New Map 3208 | . . 24 26 5 121 11 . . 141 20 30 197 80 17 . 57 175 148 155 . 242 604 449 176 29 196 172 133 Time Decay 6628 | 15 50 591 279 428 514 270 . 422 10 302 . 198 369 8 181 . 478 120 83 160 514 90 30 40 286 286 398 506 Lost Part 730 | . 10 40 . 50 10 . . 30 . 10 10 . 10 . . . 40 . . . 110 10 . 10 30 40 40 280 Lost Ally 879 | . . . . 30 . 20 . 32 . . . 20 37 . 40 60 10 10 . 180 280 60 . . 100 . . . Purge Threat 750 | . . 150 . 150 . . . . . . . . . . . . . . . 450 . . . . . . . . Squads Dispatched 114 | . 3 2 . 2 1 . . 22 . 13 . 5 11 . 7 . 7 4 . 8 5 . . 1 6 2 6 9 Investigation 61 | . . . . . . . . 14 . 10 . 5 6 . 6 . 2 4 . 5 2 . . . 3 . 1 3 Extermination 27 | . . . . . . . . 4 . 2 . . 2 . 1 . 4 . . 2 . . . . 2 2 4 4 Reinforcement 21 | . 3 2 . 1 1 . . 2 . 1 . . 3 . . . 1 . . 1 1 . . 1 1 . 1 2 Assault 4 | . . . . . . . . 2 . . . . . . . . . . . . 2 . . . . . . . Garrison 1 | . . . . 1 . . . . . . . . . . . . . . . . . . . . . . . . Intercept . | . . . . . . . . . . . . . . . . . . . . . . . . . . . . . Searches Triggered . | . . . . . . . . . . . . . . . . . . . . . . . . . . . . . Construction Impeded 2 | . . 1 . . . . . . . . . . . . . . . . . . 1 . . . . . . . Haulers Reinforced 1 | . . . . . . . . . . . . . 1 . . . . . . . . . . . . . . . Active Scanning Responses . | . . . . . . . . . . . . . . . . . . . . . . . . . . . . . Cargo Convoy Interrupts 1 | . . . . . . . . . . . . . 1 . . . . . . . . . . . . . . . Stealth | -11 -10 -9 -9 -8 -8 -8 -8 -6 -6 -6 -6 -6 -5 -5 -5 -5 -5 -4 -4 -4 -4 -4 -4 -4 -3 -2 -2 -2 --------- Run | Yrd Mat Mat Min Mat Sto Rec Scr Fac Was Fac Gar Fac Fac Was Fac Gar Fac Fac Was Fac Ext Cet Arc Hub Res Res Qua Frg Distress Signals 33 | . . 3 . 4 2 . . 1 . 1 . . 3 . 1 . 2 . . 5 4 1 . 3 . 2 . 1 Communications Jammed 27 | . . . . . . . . 5 . . . . . . . . . . . . . . . . . . . 22 Distress Signals 22 | . . . . . . . . . . . . . . . . . . . . . . . . . . . . 22 Times Spotted 525 | . 10 37 10 44 27 5 . 41 5 14 19 4 20 6 7 22 24 17 . 29 55 5 . 7 33 23 16 45 Peak Tracking Total 10 | . 4 5 4 5 6 2 . 7 6 4 10 2 8 6 4 10 5 8 . 7 7 5 . 6 7 6 2 8 Tactical Retreats 47 | . . . . 1 . . . 12 . 6 1 1 4 . 4 2 4 3 . 4 1 . . . 2 . . 2 Traps | -11 -10 -9 -9 -8 -8 -8 -8 -6 -6 -6 -6 -6 -5 -5 -5 -5 -5 -4 -4 -4 -4 -4 -4 -4 -3 -2 -2 -2 ------- Run | Yrd Mat Mat Min Mat Sto Rec Scr Fac Was Fac Gar Fac Fac Was Fac Gar Fac Fac Was Fac Ext Cet Arc Hub Res Res Qua Frg Traps Triggered 31 | . 1 2 . . 1 . . 2 . . 3 . 2 . 1 1 3 2 . . 5 . . . 4 1 2 1 Indirectly . | . . . . . . . . . . . . . . . . . . . . . . . . . . . . . Trap Hack Attempts . | . . . . . . . . . . . . . . . . . . . . . . . . . . . . . Triggered . | . . . . . . . . . . . . . . . . . . . . . . . . . . . . . Disarmed . | . . . . . . . . . . . . . . . . . . . . . . . . . . . . . Reprogrammed . | . . . . . . . . . . . . . . . . . . . . . . . . . . . . . Reused . | . . . . . . . . . . . . . . . . . . . . . . . . . . . . . Traps Extracted . | . . . . . . . . . . . . . . . . . . . . . . . . . . . . . Installed . | . . . . . . . . . . . . . . . . . . . . . . . . . . . . . Triggered . | . . . . . . . . . . . . . . . . . . . . . . . . . . . . . Machines | -11 -10 -9 -9 -8 -8 -8 -8 -6 -6 -6 -6 -6 -5 -5 -5 -5 -5 -4 -4 -4 -4 -4 -4 -4 -3 -2 -2 -2 ---------- Run | Yrd Mat Mat Min Mat Sto Rec Scr Fac Was Fac Gar Fac Fac Was Fac Gar Fac Fac Was Fac Ext Cet Arc Hub Res Res Qua Frg Machines Disabled 74 | . . . 2 5 4 . . 7 . 1 3 1 3 . 2 1 5 1 . 9 5 . . . 3 2 13 7 Max in Single Turn 4 | . . . 2 1 1 . . 1 . 1 1 1 1 . 1 1 1 1 . 3 2 . . . . 1 1 4 Garrison Access 15 | . . . . 1 1 . . 2 . 1 . 1 2 . 1 . 1 1 . 1 . . . . 2 . 1 . Garrison Relay 2 | . . . . . . . . . . . 1 . . . . 1 . . . . . . . . . . . . Machines Repaired . | . . . . . . . . . . . . . . . . . . . . . . . . . . . . . Machines Dismantled . | . . . . . . . . . . . . . . . . . . . . . . . . . . . . . Machines Sabotaged . | . . . . . . . . . . . . . . . . . . . . . . . . . . . . . Overloaded Fab Kills . | . . . . . . . . . . . . . . . . . . . . . . . . . . . . . Hacking | -11 -10 -9 -9 -8 -8 -8 -8 -6 -6 -6 -6 -6 -5 -5 -5 -5 -5 -4 -4 -4 -4 -4 -4 -4 -3 -2 -2 -2 --------- Run | Yrd Mat Mat Min Mat Sto Rec Scr Fac Was Fac Gar Fac Fac Was Fac Gar Fac Fac Was Fac Ext Cet Arc Hub Res Res Qua Frg Machines Accessed 256 | . 2 12 1 8 14 10 8 34 . 23 1 15 19 . 19 2 8 6 . 12 13 2 1 4 9 6 13 14 Terminals 132 | . 2 9 1 5 9 5 . 15 . 7 1 7 8 . 7 2 2 2 . 4 12 2 . 4 4 4 12 8 Fabricators 15 | . . . . . . . . 5 . 1 . 1 1 . 2 . 1 1 . 2 . . . . . 1 . . Repair Stations 21 | . . 2 . . 2 . . 3 . 2 . 1 2 . 3 . 2 . . 1 1 . . . 1 . . 1 Recycling Units 47 | . . 1 . . 2 5 . 7 . 7 . 5 4 . 5 . 1 2 . 2 . . . . 2 1 . 3 Scanalyzers 13 | . . . . 2 . . . 2 . 2 . . 2 . . . 1 . . 2 . . . . . . . 2 Garrison Access 19 | . . . . 1 1 . . 2 . 4 . 1 2 . 2 . 1 1 . 1 . . . . 2 . 1 . Total Hacks 833 | . 3 45 3 56 45 35 28 104 . 77 2 37 62 . 66 5 20 24 . 67 29 7 25 7 12 18 24 32 Successful 522 | . 1 24 1 45 26 22 28 71 . 39 1 22 41 . 41 1 15 15 . 47 13 5 25 2 5 7 11 14 Failed 310 | . 2 21 2 11 19 12 . 33 . 38 1 15 21 . 25 4 5 9 . 20 16 2 . 5 7 11 13 18 Catastrophic 52 | . 1 2 . . 3 3 . 4 . 6 . 2 1 . 5 . 1 1 . 2 1 . . 1 5 2 5 7 Database Lockouts 1 | . . . . . . 1 . . . . . . . . . . . . . . . . . . . . . . Manual 394 | . 3 33 4 14 15 22 . 44 . 35 . 25 37 . 34 . 10 15 . 26 10 . . 7 8 15 14 23 Terminals 455 | . 3 37 3 23 31 19 . 57 . 36 2 21 36 . 34 5 7 6 . 33 28 7 . 7 5 13 23 19 Fabricators 53 | . . . . . . . . 12 . 4 . 4 4 . 9 . 4 10 . 3 . . . . . 3 . . Repair Stations 40 | . . 6 . . 5 . . 4 . 4 . 1 5 . 7 . 3 . . 1 1 . . . 1 . . 2 Recycling Units 116 | . . 2 . . 7 16 . 14 . 17 . 10 9 . 14 . 3 7 . 5 . . . . 3 2 . 7 Scanalyzers 89 | . . . . 31 . . . 15 . 7 . . 6 . . . 2 . . 24 . . . . . . . 4 Garrison Access 27 | . . . . 2 2 . . 2 . 9 . 1 2 . 2 . 1 1 . 1 . . . . 3 . 1 . Terminal Hacks 194 | . . 14 1 12 12 8 28 21 . 10 1 4 9 . 8 1 2 1 . 11 9 5 25 . . 2 5 5 Record 53 | . . . . . . . 21 . . . . . . . . . . . . . . 4 25 . . . 2 1 Part Schematic 6 | . . 1 . 1 1 1 . 2 . . . . . . . . . . . . . . . . . . . . Robot Schematic 2 | . . . . . . . . 2 . . . . . . . . . . . . . . . . . . . . Robot Analysis 26 | . . 4 . 3 2 4 6 2 . . . . . . 2 . . . . 1 1 . . . . . . 1 Prototype ID Bank 19 | . . 2 1 1 4 2 . 5 . 1 . . . . 1 . 1 . . 1 . . . . . . . . Open Door 12 | . . . . . 1 . 1 . . . . . . . . 1 . . . . 7 1 . . . . 1 . Open DSF 1 | . . . . . . . . 1 . . . . . . . . . . . . . . . . . . . . Branch Access Points 6 | . . 1 . 1 . . . 1 . . . . 1 . . . . . . 1 . . . . . 1 . . Emergency Access Points 2 | . . . . . . . . 1 . . 1 . . . . . . . . . . . . . . . . . Terminal Index 4 | . . 1 . . . . . . . 1 . . 1 . . . . . . . . . . . . 1 . . Recycling Unit Index 1 | . . . . . . . . . . . . . 1 . . . . . . . . . . . . . . . Scanalyzer Index 1 | . . . . . . . . . . 1 . . . . . . . . . . . . . . . . . . Alert Level 2 | . . 1 . 1 . . . . . . . . . . . . . . . . . . . . . . . . Unreport Threat 5 | . . 1 . 1 . . . . . . . . . . . . . . . 3 . . . . . . . . Locate Traps 19 | . . 1 . 1 1 . . 4 . 2 . 2 . . 3 . 1 . . 1 . . . . . . 2 1 Recall Investigation 2 | . . . . . . . . . . . . . . . 2 . . . . . . . . . . . . . Recall Extermination 2 | . . . . . . . . . . . . . 1 . . . . . . 1 . . . . . . . . Recall Reinforcements 4 | . . . . . . . . . . 1 . . 2 . . . . . . . 1 . . . . . . . Hauler Manifests 14 | . . 2 . 1 1 . . 2 . 2 . 2 1 . . . . 1 . 1 . . . . . . . 1 Registered Components 3 | . . . . 1 . . . . . . . . 1 . . . . . . 1 . . . . . . . . Registered Prototypes 1 | . . . . . . . . . . 1 . . . . . . . . . . . . . . . . . . Zone Layout 9 | . . . . 1 2 1 . 1 . 1 . . 1 . . . . . . 1 . . . . . . . 1 Fabricator Hacks 20 | . . . . . . . . 7 . 2 . 1 2 . 3 . 1 2 . 1 . . . . . 1 . . Network Status 11 | . . . . . . . . 2 . 1 . 1 1 . 2 . 1 1 . 1 . . . . . 1 . . Load Schematic 6 | . . . . . . . . 3 . . . . 1 . 1 . . 1 . . . . . . . . . . Build 3 | . . . . . . . . 2 . 1 . . . . . . . . . . . . . . . . . . Repair Station Hacks 18 | . . 4 . . 4 . . 2 . . . . 2 . 2 . 2 . . . . . . . . . . 2 Scan Component 10 | . . 2 . . 2 . . 1 . . . . 1 . 2 . 1 . . . . . . . . . . 1 Repair 8 | . . 2 . . 2 . . 1 . . . . 1 . . . 1 . . . . . . . . . . 1 Recycling Unit Hacks 29 | . . . . . 2 5 . 4 . 4 . 3 3 . 4 . 1 2 . 1 . . . . . . . . Retrieve Matter 1 | . . . . . . . . . . . . 1 . . . . . . . . . . . . . . . . Retrieve Components 28 | . . . . . 2 5 . 4 . 4 . 2 3 . 4 . 1 2 . 1 . . . . . . . . Scanalyzer 75 | . . . . 30 . . . 12 . 5 . . 3 . . . 2 . . 21 . . . . . . . 2 Insert Component 34 | . . . . 13 . . . 6 . 3 . . 2 . . . 1 . . 7 . . . . . . . 2 Analyze 41 | . . . . 17 . . . 6 . 2 . . 1 . . . 1 . . 14 . . . . . . . . Garrison Access Hacks 18 | . . . . 1 1 . . 2 . 2 . 1 2 . 2 . 1 1 . 1 . . . . 3 . 1 . Unlock Access 4 | . . . . . . . . 1 . 1 . . . . 1 . . . . . . . . . 1 . . . Seal Access 14 | . . . . 1 1 . . 1 . 1 . 1 2 . 1 . 1 1 . 1 . . . . 2 . 1 . Unauthorized Hacks 168 | . 1 6 . 2 7 9 . 23 . 16 . 13 20 . 22 . 6 9 . 12 4 . . 2 2 4 5 5 Terminals 100 | . 1 6 . 2 3 4 . 11 . 10 . 7 14 . 11 . 2 3 . 8 3 . . 2 . 3 5 5 Track 2 | . . . . . . . . . . . . . . . . . . . . 1 1 . . . . . . . Assimilate 11 | . . . . . . . . . . 1 . 1 2 . 1 . . 1 . 1 . . . . . 2 1 1 Botnet 61 | . 1 6 . 2 3 4 . 6 . 6 . 5 7 . 4 . 1 1 . 3 2 . . 2 . 1 4 3 Disrupt 2 | . . . . . . . . . . . . . . . 1 . . . . . . . . . . . . 1 Skim 24 | . . . . . . . . 5 . 3 . 1 5 . 5 . 1 1 . 3 . . . . . . . . Fabricators 19 | . . . . . . . . 3 . . . 1 . . 6 . 3 4 . 1 . . . . . 1 . . Report 4 | . . . . . . . . . . . . . . . 2 . 1 1 . . . . . . . . . . Liberate 4 | . . . . . . . . 1 . . . . . . 2 . . 1 . . . . . . . . . . Haulers 6 | . . . . . . . . 1 . . . 1 . . 1 . 1 1 . . . . . . . 1 . . Recompile 5 | . . . . . . . . 1 . . . . . . 1 . 1 1 . 1 . . . . . . . . Repair Stations 7 | . . . . . . . . 2 . 1 . . 2 . . . . . . 1 1 . . . . . . . Mechanics 1 | . . . . . . . . . . . . . 1 . . . . . . . . . . . . . . . Patch 6 | . . . . . . . . 2 . 1 . . 1 . . . . . . 1 1 . . . . . . . Recycling Units 42 | . . . . . 4 5 . 7 . 5 . 5 4 . 5 . 1 2 . 2 . . . . 2 . . . Monitor 1 | . . . . . 1 . . . . . . . . . . . . . . . . . . . . . . . Reject 1 | . . . . . 1 . . . . . . . . . . . . . . . . . . . . . . . Recyclers 1 | . . . . . 1 . . . . . . . . . . . . . . . . . . . . . . . Mask 1 | . . . . . 1 . . . . . . . . . . . . . . . . . . . . . . . Tunnel 5 | . . . . . . 5 . . . . . . . . . . . . . . . . . . . . . . Fedlink 32 | . . . . . . . . 7 . 5 . 5 4 . 5 . 1 2 . 2 . . . . 1 . . . Scrapoids 1 | . . . . . . . . . . . . . . . . . . . . . . . . . 1 . . . Scanalyzers . | . . . . . . . . . . . . . . . . . . . . . . . . . . . . . Garrison Access . | . . . . . . . . . . . . . . . . . . . . . . . . . . . . . Data Cores Recovered 1 | . . . . . . . . . . . . . . . . . . . . . . . . . . . 1 . Used 1 | . . . . . . . . . . . . . . . . . . . . . . . . . . . 1 . Hacking Detections 182 | . 2 11 1 6 11 7 . 21 . 18 1 10 11 . 14 1 5 4 . 7 7 2 . 4 7 6 12 14 Full Trace Events 15 | . . 1 . . . 1 . 2 . 4 . . 1 . . . . . . 1 1 . . . . . 1 3 Feedback Events . | . . . . . . . . . . . . . . . . . . . . . . . . . . . . . Feedback Blocked 1 | . . . . . . . . . . 1 . . . . . . . . . . . . . . . . . . Robot Schematics Acquired 2 | . . . . . . . . 2 . . . . . . . . . . . . . . . . . . . . Robots Built . | . . . . . . . . . . . . . . . . . . . . . . . . . . . . . Authchips . | . . . . . . . . . . . . . . . . . . . . . . . . . . . . . Time . | . . . . . . . . . . . . . . . . . . . . . . . . . . . . . Total Robot Build Rating . | . . . . . . . . . . . . . . . . . . . . . . . . . . . . . Part Schematics Acquired 33 | . . 1 . 14 1 1 . 7 . 2 . . . . . . 1 . . 6 . . . . . . . . Parts Built 3 | . . . . . . . . 2 . 1 . . . . . . . . . . . . . . . . . . Authchips 2 | . . . . . . . . 2 . . . . . . . . . . . . . . . . . . . . Time 151 | . . . . . . . . 93 . 58 . . . . . . . . . . . . . . . . . . Total Part Build Rating 13 | . . . . . . . . 6 . 7 . . . . . . . . . . . . . . . . . . Parts Repaired 8 | . . 2 . . 2 . . 1 . . . . 1 . . . 1 . . . . . . . . . . 1 Time 406 | . . 52 . . 76 . . 51 . . . . 88 . . . 31 . . . . . . . . . . 108 Parts Recycled . | . . . . . . . . . . . . . . . . . . . . . . . . . . . . . Recycled Matter . | . . . . . . . . . . . . . . . . . . . . . . . . . . . . . Retrieved Matter . | . . . . . . . . . . . . . . . . . . . . . . . . . . . . . Retrieved Components 79 | . . . . . 19 15 . 18 . 7 . 1 4 . 9 . 6 . . . . . . . . . . . Parts Scanalyzed 30 | . . . . 13 . . . 6 . 3 . . . . . . 1 . . 7 . . . . . . . . Part Schematics Acquired 27 | . . . . 13 . . . 5 . 2 . . . . . . 1 . . 6 . . . . . . . . Parts Damaged 2 | . . . . 1 . . . . . . . . . . . . . . . 1 . . . . . . . . Bothacking | -11 -10 -9 -9 -8 -8 -8 -8 -6 -6 -6 -6 -6 -5 -5 -5 -5 -5 -4 -4 -4 -4 -4 -4 -4 -3 -2 -2 -2 ------------ Run | Yrd Mat Mat Min Mat Sto Rec Scr Fac Was Fac Gar Fac Fac Was Fac Gar Fac Fac Was Fac Ext Cet Arc Hub Res Res Qua Frg Used RIF Installer 1 | . . . . . . . . . . . 1 . . . . . . . . . . . . . . . . . Robots Hacked 15 | . . . . . . . . . . . . 4 2 . . 2 6 1 . . . . . . . . . . Non-combat 13 | . . . . . . . . . . . . 4 2 . . . 6 1 . . . . . . . . . . Combat 2 | . . . . . . . . . . . . . . . . 2 . . . . . . . . . . . . Robot Hacks Applied 15 | . . . . . . . . . . . . 4 2 . . 2 6 1 . . . . . . . . . . parse_system 1 | . . . . . . . . . . . . 1 . . . . . . . . . . . . . . . . no_distress 2 | . . . . . . . . . . . . . 2 . . . . . . . . . . . . . . . drop_inventory 4 | . . . . . . . . . . . . . . . . . 3 1 . . . . . . . . . . map_route 2 | . . . . . . . . . . . . 2 . . . . . . . . . . . . . . . . mark_security 2 | . . . . . . . . . . . . . . . . . 2 . . . . . . . . . . . overwrite_iff 1 | . . . . . . . . . . . . . . . . 1 . . . . . . . . . . . . formatsys_low 2 | . . . . . . . . . . . . 1 . . . . 1 . . . . . . . . . . . formatsys_high 1 | . . . . . . . . . . . . . . . . 1 . . . . . . . . . . . . Relay Couplers Released 9 | . . . . . . . . 1 . . 4 . . . . 4 . . . . . . . . . . . . Machine Destruction 9 | . . . . . . . . 1 . . 4 . . . . 4 . . . . . . . . . . . . Attached 3 | . . . . . . . . . . . . 1 . . . 1 1 . . . . . . . . . . . Fabnet Peak Effective % . | . . . . . . . . . . . . . . . . . . . . . . . . . . . . . Robots Rewired 33 | . . . . . . 14 . . . . . . 3 . . 2 . . . . 14 . . . . . . . Allies Hacked 5 | . . . . . . . . . . . . . 1 . . . . . . 2 . . . . . . . 2 Hacks Repelled 1 | . . . . . . . . . . . . . . . . . . . . 1 . . . . . . . . Allies | -11 -10 -9 -9 -8 -8 -8 -8 -6 -6 -6 -6 -6 -5 -5 -5 -5 -5 -4 -4 -4 -4 -4 -4 -4 -3 -2 -2 -2 -------- Run | Yrd Mat Mat Min Mat Sto Rec Scr Fac Was Fac Gar Fac Fac Was Fac Gar Fac Fac Was Fac Ext Cet Arc Hub Res Res Qua Frg Total Allies 85 | . . . 2 . . 14 . 3 . . . 2 4 1 2 4 1 1 20 1 23 . . . 5 1 . 1 Largest Group 20 | . . . 2 2 . 13 6 6 . . . 1 3 1 2 3 1 1 20 20 14 4 . . 5 1 . 1 Highest-Rated Group 783 | . . . 47 47 . 216 105 105 . . . 26 73 31 108 138 23 10 783 783 709 177 . . 320 26 . 26 Highest-Rated Ally 159 | . . . 31 31 . 34 34 34 . . . 26 49 31 54 51 23 10 50 50 159 51 . . 64 26 . 26 Total Orders 14 | . . . . . . 2 4 . . . . . . . . . 4 . . . 3 . . . . . . 1 STAY 5 | . . . . . . 1 2 . . . . . . . . . 1 . . . . . . . . . . 1 FOLLOW 5 | . . . . . . 1 2 . . . . . . . . . 2 . . . . . . . . . . . AID 4 | . . . . . . . . . . . . . . . . . 1 . . . 3 . . . . . . . Ally Attacks 535 | . . . 4 11 . 5 . 2 . . . . 4 8 22 22 . . . 85 258 45 . . 69 . . . Total Damage 12981 | . . . 83 167 . 44 . 68 . . . . 27 128 676 652 . . . 2504 6385 844 . . 1403 . . . Kills 79 | . . . 1 . . 1 . . . . . . . . 6 3 . . . 14 41 4 . . 9 . . . Allies Corrupted 3 | . . . . . . . . . . . . . 1 . . . . . . 2 . . . . . . . . Allies Melted 1 | . . . . . . . . . . . . . . . . . . . . . 1 . . . . . . . Intel | -11 -10 -9 -9 -8 -8 -8 -8 -6 -6 -6 -6 -6 -5 -5 -5 -5 -5 -4 -4 -4 -4 -4 -4 -4 -3 -2 -2 -2 ------- Run | Yrd Mat Mat Min Mat Sto Rec Scr Fac Was Fac Gar Fac Fac Was Fac Gar Fac Fac Was Fac Ext Cet Arc Hub Res Res Qua Frg Active Infowar (turns) 17465 | 23 170 2166 1312 429 . . 1095 1686 32 679 189 413 1081 59 441 228 1239 252 232 330 1406 192 60 91 709 632 941 1378 Optics 5898 | . . . . . . . . . . . . . . . . . . . 159 330 1406 192 60 91 709 632 941 1378 Sensors 8890 | . . . . . . . 1095 1421 32 673 1 344 1072 59 371 . 1152 . . . . . . . . 457 941 1272 IFF 31 | . . . . . . . . . . . . . . . . . . . . . . . . . . 31 . . Terrain 77 | . . . . 75 . . . 2 . . . . . . . . . . . . . . . . . . . . Seismic 4100 | 23 170 2166 1312 429 . . . . . . . . . . . . . . . . . . . . . . . . Machine Analysis 12262 | . . . . . . . . 1678 32 679 189 413 1081 59 441 228 1239 252 232 330 1406 192 60 91 709 632 941 1378 Jamming 1818 | . . . . . . . . 275 . 6 35 . . . . . . . . . . . . . 351 . 325 826 ECM 452 | . . . . . . . . 272 . 107 16 . . . 55 . . . . . . . . . 1 . . 1 Robot Analysis Total 26 | . . 4 . 3 2 4 6 2 . . . . . . 2 . . . . 1 1 . . . . . . 1 Derelict Logs Recovered 2 | . . . 2 . . . . . . . . . . . . . . . . . . . . . . . . . Drone Launches . | . . . . . . . . . . . . . . . . . . . . . . . . . . . . . Drone Recoveries . | . . . . . . . . . . . . . . . . . . . . . . . . . . . . . Exploration | -11 -10 -9 -9 -8 -8 -8 -8 -6 -6 -6 -6 -6 -5 -5 -5 -5 -5 -4 -4 -4 -4 -4 -4 -4 -3 -2 -2 -2 ------------- Run | Yrd Mat Mat Min Mat Sto Rec Scr Fac Was Fac Gar Fac Fac Was Fac Gar Fac Fac Was Fac Ext Cet Arc Hub Res Res Qua Frg Turns Passed 24021 | 113 170 2192 1312 1482 1409 1349 3724 1686 32 679 189 413 1081 59 441 228 1239 252 232 330 1406 192 60 91 709 632 941 1378 Spaces Moved 27628 | 65 96 1009 532 788 777 948 2553 3596 121 1834 241 1083 2151 172 999 292 1917 656 257 808 1680 221 85 128 1014 663 1350 1592 Core 1 | 1 . . . . . . . . . . . . . . . . . . . . . . . . . . . . Treads 1807 | . . 726 532 87 . . 449 . . . . . . . . . . . . . . 13 . . . . . . Legs 1485 | 64 63 . . 701 657 . . . . . . . . . . . . . . . . . . . . . . . Wheels 3488 | . 33 283 . . 120 948 2104 . . . . . . . . . . . . . . . . . . . . . Hover 4994 | . . . . . . . . . . . . . . . . . . . . . 1 161 85 128 1014 663 1350 1592 Flight 15853 | . . . . . . . . 3596 121 1834 241 1083 2151 172 999 292 1917 656 257 808 1679 47 . . . . . . Fastest Speed 21 | 50 100 95 240 120 115 115 100 21 25 25 26 27 23 34 28 34 34 29 29 27 28 24 45 36 26 31 29 38 Average Speed 61 | 118 119 170 240 126 141 115 139 26 25 25 26 27 33 34 33 34 34 29 29 30 29 51 45 43 38 53 39 51 Slowest Speed 260 | 120 190 240 240 260 260 115 203 29 25 26 27 27 34 34 34 34 117 29 31 31 200 160 45 45 92 92 116 141 Overloaded Moves 134 | . . . . . . . . 4 . . . . . . . . . . . 34 . 15 . . . . 20 61 Propulsion Burnouts . | . . . . . . . . . . . . . . . . . . . . . . . . . . . . . Robots Hopped 96 | . . . . . . . . 34 . 17 3 . 4 . 3 4 19 1 . 4 7 . . . . . . . Potential Cave-ins . | . . . . . . . . . . . . . . . . . . . . . . . . . . . . . Cave-ins Triggered . | . . . . . . . . . . . . . . . . . . . . . . . . . . . . . Exploration Rate (%) 58 | 4 26 75 95 68 96 99 92 69 89 52 35 26 53 95 32 41 36 16 96 30 96 83 77 19 35 17 92 53 Regions Visited 28 Branch Regions 10 Pre-discovered Areas 12 | . . . . . 1 5 3 3 . . . . . . . . . . . . . . . . . . . . Known Exits Taken 14 | . . 1 . 1 . . . . . 1 . 1 . . 1 . 1 . . 1 1 1 1 1 1 1 1 . Unknown Exits Taken 6 | 1 1 . 1 . 1 1 1 . . . . . . . . . . . . . . . . . . . . . Scrap Searched 12 | . . . 2 . . . 10 . . . . . . . . . . . . . . . . . . . . . Spaces Dug 446 | . . 5 . . . . . 96 . 48 1 22 51 . 26 21 61 9 . 9 2 . . 5 26 8 13 43 Terrain Destroyed 957 | . . 27 20 2 . 1 . 138 . 48 76 22 51 . 26 21 78 9 . 119 209 . . 5 34 8 13 50 Melee 420 | . . 5 . . . . . 80 . 48 1 22 50 . 26 21 61 9 . 9 2 . . 5 21 8 13 39 Projectile 29 | . . . 1 2 . 1 . . . . . . 1 . . . . . . . . . . . 13 . . 11 AOE 508 | . . 22 19 . . . . 58 . . 75 . . . . . 17 . . 110 207 . . . . . . . Terrain Rammed . | . . . . . . . . . . . . . . . . . . . . . . . . . . . . . Walls Destroyed . | . . . . . . . . . . . . . . . . . . . . . . . . . . . . . Machines Disabled . | . . . . . . . . . . . . . . . . . . . . . . . . . . . . . Actions | -11 -10 -9 -9 -8 -8 -8 -8 -6 -6 -6 -6 -6 -5 -5 -5 -5 -5 -4 -4 -4 -4 -4 -4 -4 -3 -2 -2 -2 --------- Run | Yrd Mat Mat Min Mat Sto Rec Scr Fac Was Fac Gar Fac Fac Was Fac Gar Fac Fac Was Fac Ext Cet Arc Hub Res Res Qua Frg Total 32800 | 85 128 1313 558 1084 985 1187 2719 4102 122 1945 330 1161 2386 171 1062 370 2339 695 412 844 2503 295 106 147 1239 852 1682 1978 Wait 2208 | . 6 90 7 92 76 75 48 264 . 53 9 32 80 . 10 20 260 7 137 10 507 47 22 1 39 63 167 86 Move 27427 | 64 95 1008 531 787 776 947 2552 3532 120 1800 235 1082 2143 171 992 286 1884 654 256 799 1666 220 84 127 1013 662 1349 1592 Hop 80 | . . . . . . . . 29 . 17 2 . 4 . 3 1 13 1 . 4 6 . . . . . . . Pick Up 307 | 6 6 38 1 27 13 8 37 27 1 7 1 3 14 . 7 4 9 6 2 1 20 2 . 1 24 8 15 19 Fast Attach 159 | 6 1 4 1 7 10 2 14 8 . . . 1 7 . 3 . 8 2 4 . 4 4 . 1 19 8 20 25 Attach 117 | 1 2 6 . 7 . . 8 18 . 2 1 3 3 . 4 1 2 3 1 . 17 4 . . 5 5 5 19 Detach 52 | . . . 1 . 1 . 6 8 . 1 2 2 1 . . 1 1 . 1 . 8 5 . . 1 1 1 11 Swap 304 | . 4 36 6 22 13 3 15 35 . 6 8 5 13 . 5 5 12 2 4 2 11 1 . 3 25 16 24 28 Drop 372 | . 2 35 4 32 18 11 39 25 1 5 1 2 23 . 9 4 11 4 7 1 12 6 . 2 35 19 41 23 Fire 441 | 6 12 91 7 104 68 20 . 7 . 1 5 6 8 . . 9 17 2 . 8 23 . . . 14 3 3 27 Melee 901 | . . 5 . . 8 . . 130 . 53 16 25 90 . 29 29 90 14 . 19 39 6 . 12 64 67 57 148 Ram . | . . . . . . . . . . . . . . . . . . . . . . . . . . . . . Kick 10 | 2 . . . 6 2 . . . . . . . . . . . . . . . . . . . . . . . Crush . | . . . . . . . . . . . . . . . . . . . . . . . . . . . . . Escape Stasis 180 | . . . . . . . . 19 . . 50 . . . . 10 32 . . . 69 . . . . . . . Rewire 242 | . . . . . . 121 . . . . . . . . . . . . . . 121 . . . . . . . Trap . | . . . . . . . . . . . . . . . . . . . . . . . . . . . . . Miscellaneous . | . . . . . . . . . . . . . . . . . . . . . . . . . . . . . Route ------- -11/Scrapyard -10/Materials -9/Materials (discovered 3 exits: *Mat x2 / *Min) -9/Mines (discovered 2 exits: *Mat x2) -8/Materials (discovered 4 exits: *Fac x3 / *Sto) -8/Storage (discovered 2 exits: *Fac / *Rec) -8/Recycling (discovered 2 exits: *Fac / *Scr) -8/Scraptown -6/Factory (discovered 6 exits: *Fac x4 / *Low x2) -6/Waste -6/Factory (discovered 2 exits: *Fac / Gar) -6/Garrison (discovered 2 exits: *Fac x2) -6/Factory -5/Factory (discovered 3 exits: *Fac / *Upp x2) -5/Waste -5/Factory (discovered 2 exits: *Upp / Gar) -5/Garrison -5/Factory -4/Factory (discovered 2 exits: *Res / *Upp) -4/Waste -4/Factory (discovered 4 exits: Upp x2 / *Ext x2) -4/Extension (discovered 2 exits: *Res / *Cet) -4/Cetus -4/Archives (discovered 2 exits: *Hub x2) -4/Hub_04(d) -3/Research (discovered 2 exits: *Res x2) -2/Research (discovered 2 exits: *Qua x2) -2/Quarantine (discovered 3 exits: *Acc / *Sec / *Frg) -2/Protoforge (discovered 1 exit: *Acc) History --------- Turn | Location | Event 5 | -11/Scrapyard | Discovered new exit (range 16) 114 | -11/Scrapyard | Entered Materials 237 | -10/Materials | Discovered new exit (range 15) 284 | -10/Materials | Entered another Materials area 284 | -9/Materials | Evolved 2 slots: Utility x2 305 | -9/Materials | Build established: Mutant 543 | -9/Materials | Discovered new exit (range 13) 1011 | -9/Materials | Build established: Scavenger-Mutant 1367 | -9/Materials | Repaired Seismic Detector 1663 | -9/Materials | Discovered new exit (range 8) 1735 | -9/Materials | Repaired Lgt. Armor Plating 2151 | -9/Materials | Identified exit to Mines 2262 | -9/Materials | Discovered new exit (range 16) 2476 | -9/Materials | Entered Mines 2798 | -9/Mines | Discovered new exit (range 15) 2899 | -9/Mines | Discovered new exit (range 15) 2925 | -9/Mines | Learned location of 1 exit from Materials 3146 | -9/Mines | A weapon hastily lodged in a ceiling crevice suddenly fell to the ground 3788 | -9/Mines | Entered Materials 3788 | -8/Materials | Accompanied by 2 allies 3788 | -8/Materials | Evolved 2 slots: Propulsion x1, Utility x1 3789 | -8/Materials | Identified exit to Factory 3793 | -8/Materials | Led the pair of lost Derelicts to an unsafe place 3831 | -8/Materials | Garrison activated, responded to threat 3916 | -8/Materials | Lost 3 parts (1n2u) 4176 | -8/Materials | Identified exit to Storage 4502 | -8/Materials | Build established: Mutant 4847 | -8/Materials | Discovered exit to Factory (range 16) 5270 | -8/Materials | Entered Storage 5359 | -8/Storage | Met 01-MTF 5437 | -8/Storage | Learned location of Armory (-3) 5960 | -8/Storage | Repaired Imp. Carbon-fiber Leg 6131 | -8/Storage | Discovered new exit (range 4) 6317 | -8/Storage | Discovered exit to Factory (range 16) 6416 | -8/Storage | Repaired Hrd. Light Armor Plating? 6679 | -8/Storage | Entered Recycling 6679 | -8/Recycling | Accompanied by 1 ally (01-MTF) 6926 | -8/Recycling | Discovered new exit (range 22) 7321 | -8/Recycling | Build established: Commander-Mutant 7612 | -8/Recycling | Scanned before Scraplab entrance 7641 | -8/Recycling | Core integrity fell below 50% 7668 | -8/Recycling | Entered Scraplab 7673 | -8/Recycling | Lost 8 allies 7678 | -8/Recycling | Discovered new exit (range 3) 8028 | -8/Recycling | Entered Scraptown 8028 | -8/Scraptown | Accompanied by 6 allies 8028 | -8/Scraptown | System corruption cleaned by C-Scrubber 8194 | -8/Scraptown | Heard Great Nut preacher, LISTEN AND RECITE! 8344 | -8/Scraptown | Visited IN-MT5's Study 8387 | -8/Scraptown | Visited Red Mages 8436 | -8/Scraptown | Learned location of Extension (-4) 8578 | -8/Scraptown | Visited Assassins FH 8599 | -8/Scraptown | Visited Bundlers 8609 | -8/Scraptown | Visited Cyclists 8658 | -8/Scraptown | Visited UFD Registry 8658 | -8/Scraptown | Registered with UFD as "Wrenchstep" 8696 | -8/Scraptown | Entered Cyclist Reading Room 8701 | -8/Scraptown | Learned location of Zion (-6) 8823 | -8/Scraptown | Visited Shadow of the Wyrm 8844 | -8/Scraptown | Visited CPS Storage 8914 | -8/Scraptown | Visited LU-1G1's Boring Crew 8963 | -8/Scraptown | Visited DA-N13 Charitable Foundation 8975 | -8/Scraptown | Found DCF Scrap (27 items) 8998 | -8/Scraptown | Visited Supply Room 9189 | -8/Scraptown | Visited Sword Containment 9245 | -8/Scraptown | Visited Scrap Suit Storage 9261 | -8/Scraptown | Found Scrap Suit 9291 | -8/Scraptown | Visited Analyses Database 9318 | -8/Scraptown | Visited Abandonware Association 9334 | -8/Scraptown | Learned abandonware demo "HACKBUD.EXE" 9334 | -8/Scraptown | Learned abandonware demo "ERRANTS.EXE" 9352 | -8/Scraptown | Build established: Hauler-Mutant 9371 | -8/Scraptown | Visited Scrapoid Research Area 9420 | -8/Scraptown | Visited Curators Association 9476 | -8/Scraptown | Visited Supply Room 10485 | -8/Scraptown | Discovered new exit (range 5) 10851 | -8/Scraptown | Build established: Commander-Mutant 11423 | -8/Scraptown | System corruption cleaned by C-Scrubber 11673 | -8/Scraptown | Met Optimus 11673 | -8/Scraptown | Accepted into 0bPrime 11752 | -8/Scraptown | Entered Factory 11752 | -6/Factory | Accompanied by 6 allies 11752 | -6/Factory | Evolved 4 slots: Propulsion x2, Utility x2 11822 | -6/Factory | Identified exit to Garrison 11891 | -6/Factory | Discovered new exit (range 13) 11893 | -6/Factory | Fabricated Imp. Flight Unit? 11902 | -6/Factory | Discovered new exit (range 6) 11903 | -6/Factory | Identified exit to Factory 12038 | -6/Factory | Loaded intel: 8 recycling unit locations 12127 | -6/Factory | Learned location of Protoforge (-2) 12386 | -6/Factory | Repaired Imp. Flight Unit? 12402 | -6/Factory | Spotted B-75 Beast 12698 | -6/Factory | Learned Extension terminal intel 12769 | -6/Factory | Learned 4 Upper Caves zone layouts 12797 | -6/Factory | Learned Extension security intel 12798 | -6/Factory | Learned location of Warlord (-5) 12805 | -6/Factory | Identified exit to Lower Caves 12824 | -6/Factory | Learned location of 1 exit from Lower Caves 12937 | -6/Factory | Build established: Hacker-Ninja 12941 | -6/Factory | Fabricated Cld. VTOL Module (x1) 13438 | -6/Factory | Manually triggered Chute Trap 13438 | -6/Factory | Sucked down chute 13438 | -6/Factory | Entered Waste 13447 | -6/Waste | Spotted C-40 Crusher 13450 | -6/Waste | Spotted C-40 Crusher 13453 | -6/Waste | EMP discharged 13459 | -6/Waste | Spotted C-40 Crusher 13461 | -6/Waste | Spotted C-40 Crusher 13462 | -6/Waste | Spotted C-40 Crusher 13462 | -6/Waste | Spotted C-40 Crusher 13468 | -6/Waste | Discovered new exit (range 10) 13470 | -6/Waste | Identified exit to Factory 13470 | -6/Waste | Entered Factory 13675 | -6/Factory | Build established: Hacker-Scout 13856 | -6/Factory | Discovered exit to Factory (range 7) 13867 | -6/Factory | Loaded intel: 8 recycling unit locations 14075 | -6/Factory | Fabricated Micro-nuke Launcher? 14085 | -6/Factory | Build established: Hacker-Ninja 14149 | -6/Factory | Identified exit to Garrison 14149 | -6/Factory | Entered Garrison 14157 | -6/Garrison | Triggered checkpoint 14230 | -6/Garrison | Spotted B-75 Beast 14257 | -6/Garrison | Garrison Relay disabled 14279 | -6/Garrison | Triggered checkpoint 14306 | -6/Garrison | Installed Relay Interface Framework 14317 | -6/Garrison | Discovered new exit (range 5) 14337 | -6/Garrison | Triggered checkpoint 14337 | -6/Garrison | Discovered new exit (range 6) 14338 | -6/Garrison | Identified exit to Factory 14338 | -6/Garrison | Entered Factory 14351 | -6/Factory | Loaded intel: 8 recycling unit locations 14369 | -6/Factory | Spotted B-75 Beast 14677 | -6/Factory | Discovered exit to Factory (range 5) 14714 | -6/Factory | Build established: Hacker-Scout 14751 | -6/Factory | Entered another Factory area 14751 | -5/Factory | Evolved 2 slots: Power x1, Propulsion x1 14937 | -5/Factory | Loaded intel: 8 recycling unit locations 15058 | -5/Factory | Spotted B-75 Beast 15284 | -5/Factory | Discovered new exit (range 9) 15286 | -5/Factory | Identified exit to Factory 15368 | -5/Factory | Repaired Broken Cld. VTOL Module 15673 | -5/Factory | Identified exit to Upper Caves 15716 | -5/Factory | Cargo convoy interrupted 15814 | -5/Factory | Learned 2 Extension zone layouts 15832 | -5/Factory | Manually triggered Chute Trap 15832 | -5/Factory | Sucked down chute 15832 | -5/Factory | Entered Waste 15833 | -5/Waste | Met a frightened Derelict 15838 | -5/Waste | Spotted C-40 Crusher 15846 | -5/Waste | Spotted C-40 Crusher 15847 | -5/Waste | EMP discharged 15851 | -5/Waste | Spotted C-40 Crusher 15873 | -5/Waste | Spotted C-40 Crusher 15874 | -5/Waste | Spotted C-40 Crusher 15880 | -5/Waste | Spotted C-40 Crusher 15888 | -5/Waste | Discovered new exit (range 10) 15890 | -5/Waste | Identified exit to Factory 15891 | -5/Waste | Entered Factory 15994 | -5/Factory | Loaded intel: 8 recycling unit locations 16234 | -5/Factory | Discovered exit to Upper Caves (range 8) 16289 | -5/Factory | Identified exit to Garrison 16303 | -5/Factory | Learned Testing emergency access door positions 16332 | -5/Factory | Entered Garrison 16440 | -5/Garrison | Triggered checkpoint 16446 | -5/Garrison | Triggered checkpoint 16450 | -5/Garrison | Triggered checkpoint 16479 | -5/Garrison | Garrison Relay disabled 16491 | -5/Garrison | Discovered new exit (range 10) 16494 | -5/Garrison | Identified exit to Factory 16560 | -5/Garrison | Entered Factory 16586 | -5/Factory | Lost 4 allies 16950 | -5/Factory | Build established: Scout 16971 | -5/Factory | Found Prototype Launcher 16971 | -5/Factory | Identified Mni. Smartbomb Launcher 17108 | -5/Factory | System corruption reached 10% 17118 | -5/Factory | Lost 3 parts (2p1u) 17175 | -5/Factory | Repaired Adv. Reaction Control System? 17524 | -5/Factory | Loaded intel: 8 recycling unit locations 17779 | -5/Factory | Discovered exit to Factory (range 8) 17799 | -5/Factory | Entered another Factory area 17799 | -4/Factory | Evolved 2 slots: Propulsion x1, Utility x1 17887 | -4/Factory | Loaded intel: 8 recycling unit locations 17925 | -4/Factory | Discovered new exit (range 13) 17948 | -4/Factory | Discovered new exit (range 15) 18005 | -4/Factory | Spotted B-86 Titan 18051 | -4/Factory | Manually triggered Chute Trap 18051 | -4/Factory | Sucked down chute 18051 | -4/Factory | Entered Waste 18052 | -4/Waste | Joined by Warlord forces that had cleared the area 18079 | -4/Waste | Build established: Hacker-Sprinter 18220 | -4/Waste | Discovered new exit (range 12) 18223 | -4/Waste | Identified exit to Factory 18283 | -4/Waste | Entered Factory 18283 | -4/Factory | Accompanied by 20 allies 18439 | -4/Factory | Spotted B-86 Titan 18451 | -4/Factory | Identified exit to Upper Caves 18451 | -4/Factory | Identified exit to Extension 18459 | -4/Factory | Loaded intel: 8 recycling unit locations 18484 | -4/Factory | Lost 5 allies 18599 | -4/Factory | Spotted B-86 Titan 18613 | -4/Factory | Entered Extension 18616 | -4/Extension | Loaded intel: 14 terminal locations 18689 | -4/Extension | Disrupted transfer network 18743 | -4/Extension | Rescued A7 18880 | -4/Extension | Rescued a captive Derelict 18881 | -4/Extension | Rescued a captive Derelict 18893 | -4/Extension | Spotted B-86 Titan 18909 | -4/Extension | Lost 3 parts (1p2u) 18909 | -4/Extension | Rescued a captive Derelict 19007 | -4/Extension | Rescued a captive Derelict 19022 | -4/Extension | Rescued a captive Derelict 19027 | -4/Extension | Rescued a captive Derelict 19297 | -4/Extension | Allies destroyed B-86 Titan 19301 | -4/Extension | Spotted B-86 Titan 19303 | -4/Extension | Build established: Commander-Sprinter 19331 | -4/Extension | Allies destroyed B-86 Titan 19352 | -4/Extension | Lost 4 allies 19363 | -4/Extension | First assault squad dispatched 19449 | -4/Extension | Discovered new exit (range 22) 19449 | -4/Extension | Discovered new exit (range 22) 19496 | -4/Extension | Rescued a captive Derelict 19497 | -4/Extension | Rescued a captive Derelict 19515 | -4/Extension | Rescued a captive Derelict 19630 | -4/Extension | Rescued a captive Derelict 19882 | -4/Extension | P-70 Sage assimilated allied UH-Y2S(g) 19896 | -4/Extension | Extracted ID and sensor layout for unrecognized location from A7's data core 19934 | -4/Extension | Lost 6 allies 19958 | -4/Extension | Identified exit to Cetus 19980 | -4/Extension | Identified exit to Research 20019 | -4/Extension | Entered Cetus 20019 | -4/Cetus | Accompanied by 4 allies 20023 | -4/Cetus | Spotted Cetus Guard 20023 | -4/Cetus | Spotted Cetus Guard 20024 | -4/Cetus | Spotted Cetus Guard 20029 | -4/Cetus | Spotted Cetus Guard 20031 | -4/Cetus | Allies destroyed Cetus Guard 20031 | -4/Cetus | Allies destroyed Cetus Guard 20052 | -4/Cetus | Allies destroyed Cetus Guard 20099 | -4/Cetus | Destroyed Cetus Guard 20118 | -4/Cetus | Lost 4 allies 20201 | -4/Cetus | Discovered new exit (range 21) 20210 | -4/Cetus | Identified exit to Archives 20211 | -4/Cetus | Entered Archives 20217 | -4/Archives | Met Zhirov 20217 | -4/Archives | Discovered new exit (range 22) 20219 | -4/Archives | Discovered new exit (range 22) 20222 | -4/Archives | Read partially decrypted archive contents 20223 | -4/Archives | Reinforcements dispatched to Archives 20235 | -4/Archives | Identified exit to Hub_04(d) 20268 | -4/Archives | Reinforcements dispatched to Archives 20270 | -4/Archives | Zhirov warped through subspace 20271 | -4/Archives | Entered Hub_04(d) 20355 | -4/Hub_04(d) | Discovered exit to Research (range 8) 20362 | -4/Hub_04(d) | Entered Research 20362 | -3/Research | Evolved 2 slots: Utility x1, Weapon x1 20363 | -3/Research | Forged Quantum Companion 20666 | -3/Research | Identified exit to Garrison 20687 | -3/Research | Scrapoids reinforcements arrived? 20694 | -3/Research | Discovered new exit (range 21) 20732 | -3/Research | Loaded intel: 4 recycling unit locations 20914 | -3/Research | Found Unknown Launcher 20914 | -3/Research | Identified Gamma Bomb Array 20996 | -3/Research | Build established: Mutant 21054 | -3/Research | Discovered new exit (range 19) 21064 | -3/Research | Identified exit to Research 21071 | -3/Research | Entered another Research area 21071 | -2/Research | Evolved 2 slots: Utility x1, Weapon x1 21554 | -2/Research | Identified exit to Quarantine 21578 | -2/Research | Spotted B-90 Cyclops 21703 | -2/Research | Entered Quarantine 21709 | -2/Quarantine | Found Alien Impact Weapon 21709 | -2/Quarantine | Identified Core Stripper 21809 | -2/Quarantine | Discovered new exit (range 14) 21829 | -2/Quarantine | Found Alien Artifact 21829 | -2/Quarantine | Identified Phase Armor 21894 | -2/Quarantine | Found Alien Slashing Weapon 21894 | -2/Quarantine | Identified Sigix Broadsword 21921 | -2/Quarantine | Found Alien Artifact 21921 | -2/Quarantine | Identified Phase Redirector 21934 | -2/Quarantine | Cryocooling Duct disabled 21949 | -2/Quarantine | Ambient heat levels rising (+20) 21949 | -2/Quarantine | Non-combat units ordered to evacuate 22103 | -2/Quarantine | Build established: Scavenger-Scout 22215 | -2/Quarantine | Found Prototype Processor 22237 | -2/Quarantine | Found Alien Artifact 22238 | -2/Quarantine | Identified Subatomic Replicator 22238 | -2/Quarantine | Forged Prototype Slashing Weapon 22252 | -2/Quarantine | System corruption reached 10% 22278 | -2/Quarantine | Found Alien Artifact 22285 | -2/Quarantine | Found Alien Artifact 22295 | -2/Quarantine | Spotted Alpha 7 22323 | -2/Quarantine | Destroyed Alpha 7 22325 | -2/Quarantine | Found Prototype Ballistic Gun 22325 | -2/Quarantine | Identified Multirail 22339 | -2/Quarantine | Found Alien Launcher 22339 | -2/Quarantine | Identified Sigix Terminator 22576 | -2/Quarantine | Build established: Ninja 22601 | -2/Quarantine | Spotted Fortress 22639 | -2/Quarantine | Discovered new exit (range 6) 22639 | -2/Quarantine | Discovered new exit (range 6) 22641 | -2/Quarantine | Identified exit to Section 7 22642 | -2/Quarantine | Identified exit to Protoforge 22644 | -2/Quarantine | Entered Protoforge 22672 | -2/Protoforge | Identified Exp. Signal Interpreter 22707 | -2/Protoforge | Spotted Hotshot 22707 | -2/Protoforge | Spotted Hotshot 22720 | -2/Protoforge | Superfortress began startup sequence 22898 | -2/Protoforge | Discovered new exit (range 14) 22905 | -2/Protoforge | Identified exit to Access 23166 | -2/Protoforge | Identified Dimensional Node Initializer 23207 | -2/Protoforge | Repaired Centrium Medium Armor Plating? 23382 | -2/Protoforge | Spotted AP7-3 23396 | -2/Protoforge | Destroyed AP7-3 23475 | -2/Protoforge | Spotted Hotshot 23518 | -2/Protoforge | Spotted AP7-3 23542 | -2/Protoforge | Destroyed AP7-3 23545 | -2/Protoforge | Found Prototype Device 23545 | -2/Protoforge | Identified Exp. ECM Suite 23549 | -2/Protoforge | Found Prototype Ballistic Gun 23616 | -2/Protoforge | Core integrity fell below 50% 23641 | -2/Protoforge | Spotted EXE-6 23641 | -2/Protoforge | Spotted EXE-6 23689 | -2/Protoforge | Destroyed EXE-6 23693 | -2/Protoforge | Destroyed EXE-6 23695 | -2/Protoforge | Found Prototype Ballistic Gun 23695 | -2/Protoforge | Identified Cep. XC Strikerail (x2) 23697 | -2/Protoforge | Found Cep. XC Strikerail 23716 | -2/Protoforge | Lost 6 parts (1n2u3w) 23717 | -2/Protoforge | Found Prototype Processor 23717 | -2/Protoforge | Identified Exp. Core Analyzer 23722 | -2/Protoforge | Spotted Decapitator 23723 | -2/Protoforge | Found Prototype Device 23723 | -2/Protoforge | Identified Exp. Kinecellerator 23728 | -2/Protoforge | Found Prototype Processor 23728 | -2/Protoforge | Identified Exp. Armor Integrity Analyzer 23740 | -2/Protoforge | Found Exp. Core Analyzer 23751 | -2/Protoforge | Spotted Decapitator 23811 | -2/Protoforge | Core integrity fell below 20% 23825 | -2/Protoforge | Spotted Hotshot 23849 | -2/Protoforge | Lost 10 parts (2p5n2u1w) 23885 | -2/Protoforge | Spotted Hotshot 23939 | -2/Protoforge | Spotted Hotshot 23945 | -2/Protoforge | Spotted B-90 Cyclops 23946 | -2/Protoforge | Destroyed Hotshot 23947 | -2/Protoforge | Spotted Overlord 23948 | -2/Protoforge | Destroyed Hotshot 24000 | -2/Protoforge | Lost 7 parts (2p1n2u2w) 24001 | -2/Protoforge | Spotted Hotshot 24001 | -2/Protoforge | Spotted Hotshot 24022 | -2/Protoforge | Destroyed by H-88 Terminator with KE Penetrator Last Messages --------------- 23972_ Identified Exp. Weapon Shielding. 23974_ Acquired 55 matter. 23974_ K-01 Serf collects debris. 24001_ VA1%LHTEBT&RSVIZ#GQH806GD 24002_ ALERT: Potential suspicious activity detected, Programmers report to Protoforge Zone 6S. 24005_ ALERT: Suspicious intruders detected, dispatching Decapitator reinforcements to area. 24016_ System corrupted: Exp. Heat Sink rejected. 24016_ Slug penetrates H-88 Terminator. 24016_ Penetrated by Slug. 24016_ Acquired Exp. Heat Sink. 24016_ Penetrated by Slug. 24016_ Redirected attack with Superquantum Companion. 24019_ Cmb. Antigrav System destroyed. 24022_ Penetrated by Slug. Map ----- +----------------------------------------------------+ | ?????????????????????????????????????????????????? | | ?????????????????????????????????????????????????? | | ?????????????????????????????????????????????????? | | ?????????????????????????????????????????????????? | | ?????????????????????????????????????????????????? | | ?????????????????????????????????????????????????? | | ?????????????????????????????????????????????????? | | ?????????????????????????????????????????????????? | | ?????????????????????????????????????????????????? | | ?????????????????????????????????????????????????? | | ?????????????????????????????????????????????????? | | ?????????????????????????????????????????????????? | | ?????????????????????????????????????????????????? | | ?????????????????????????????????????????????????? | | ???????????????????????#######???????????????????? | | ???????????????????????# ???????????????????? | | ???????????????????????# ????????????????????? | | ???????????????????????# ????????????????????? | | ???????????????????????# ????????????????????? | | ???????????????????????# ?????????????????????? | | ???????????????????????# ?????????????????????? | | ???????????????????????# #?????????????????????? | | ???????????????????????# #?????????????????????? | | ???????????????????????# h #?????????????????????? | | ???????????????????????# h#?????????????????????? | | ???????????????????????# @ #?????????????????????? | | ???????????????????????# #?????????????????????? | | ???????????????????????# #?????????????????????? | | ???????????????##?????## #???????###?????????### | | ???????????????#"######; #???????############### | | ????????????????# # #???????## # | | ????????????????# # #????????# # | | ????????????????#""" + #????????# # | | ????????????????#""" # #???????## # | | ????????????????#""" # #???????## # | | ????????????????# # #???????## # | | ????????????????#+###### #???????## # | | ????????????????# #????# H###############+###### | | ????????????????# #????# * ##### | | ????????????????# #????# !! %]%% | | ????????????????# #????# %%[%= %!!! | | ????????????????# #????# ! !![![!!! | | ????????????????# ###### """ """ """ """% =##### | | ???????????????## """ """ """^""" #???# | | ????????""""???# """ """ """ """ #???# | | ????????""""???+ #???# | | ????????""""???# #???# | | ????????""""???# #???# | | ???????????????# ######+#### ######## #???# | | ???????????????# ??????????# #??????# #???# | +----------------------------------------------------+ Best States ------------- Heat Dissipation 87 Energy Generation 45 Energy Capacity 600 Matter Stores 300 Matter Capacity 450 Sight Range 23 Robot Scan Range 16 Terrain Scan Range 16 Terrain Scan Density 10 ECM Strength 1 Jamming Range 14 EM Shielding 4 Armor Coverage 600 Resistance: TH 25 Propulsion Shielding 90 Utility Shielding 66 Weapon Shielding 90 Point Defense Rating 240 Phase Shifting 15 Evasion (%) 76 Targeting Accuracy 10 Melee Accuracy 8 Target Analysis 8 Core Analysis 8 Armor Integrity Analysis 50 Recoil Reduction 3 Offensive Hacking 22 Defensive Hacking 14 Relay Coupler Types 1 Relay Coupler Value 29 Authchip Count 1 Item Schematics ----------------- Hcp. Storage Unit | -9/Materials | Hacked Imp. Flight Unit | -8/Materials | Scanalyzed Imp. EM Shotgun | -8/Materials | Scanalyzed Imp. Carbon-fiber Leg | -8/Materials | Scanalyzed Imp. Heat Sink | -8/Materials | Scanalyzed Mni. Grenade Launcher | -8/Materials | Scanalyzed Katana | -8/Materials | Scanalyzed Machine Analyzer | -8/Materials | Scanalyzed Mic. Nuclear Core | -8/Materials | Scanalyzed Lgt. Nuclear Core | -8/Materials | Scanalyzed Grenade Launcher | -8/Materials | Scanalyzed VTOL Module | -8/Materials | Scanalyzed Beam Rifle | -8/Materials | Scanalyzed Field Laser | -8/Materials | Scanalyzed Imp. Light Armor Plating | -8/Materials | Hacked Arm. Huge Wheel | -8/Storage | Hacked Imp. Grenade Launcher | -8/Recycling | Hacked Prc. Shock Rifle | -6/Factory | Scanalyzed ECM Suite | -6/Factory | Scanalyzed Imp. Utility Shielding | -6/Factory | Scanalyzed Enh. Optical Array | -6/Factory | Scanalyzed Lgt. Angular Momentum Engine | -6/Factory | Scanalyzed Adv. Cooling System | -6/Factory | Hacked Cld. VTOL Module | -6/Factory | Hacked Transmission Jammer | -6/Factory | Scanalyzed Lrn. Missile Launcher | -6/Factory | Scanalyzed Cld. Cesium-ion Thruster | -5/Factory | Scanalyzed Graphene Brace | -4/Factory | Scanalyzed Nuclear Pulse Array | -4/Factory | Scanalyzed Enh. Nova Cannon | -4/Factory | Scanalyzed Adv. Reaction Control System | -4/Factory | Scanalyzed Imp. Remote Datajack | -4/Factory | Scanalyzed Adv. Melee Analysis Suite | -4/Factory | Scanalyzed Robot Schematics ------------------ L-41 Fighter | -6/Factory | Hacked P-60 Hacker | -6/Factory | Hacked Fabricated ------------ Imp. Flight Unit | x1 | -6/Factory | Authchip Cld. VTOL Module | x1 | -6/Factory | Authchip Micro-nuke Launcher | x1 | -6/Factory | Preloaded Repaired ---------- Seismic Detector | 5% | -9/Materials Lgt. Armor Plating | 41% | -9/Materials Imp. Carbon-fiber Leg | 19% | -8/Storage Hrd. Light Armor Plating | 51% | -8/Storage Imp. Flight Unit | 10% | -6/Factory Cld. VTOL Module | 99% | -5/Factory | Broken Adv. Reaction Control System | 12% | -5/Factory Centrium Medium Armor Plating | 10% | -2/Protoforge Alien Tech Used ----------------- Core Stripper Phase Armor Sigix Broadsword Phase Redirector Subatomic Replicator Sigix Terminator Achievements -------------- Ultimate Loadout Challenges ------------ None Game ------ Seed GuidanceSkeletonShearcannon Manual? 0 Play Time 06:52:52 Cumulative 245.9 hours Start 2025.08.15 @ 16:59:09 End 2025.08.16 @ 00:24:27 Sessions 1 Manual Loads 0 Difficulty Rogue Special Mode None Game No. 151 Rogue 147 Adventurer 4 Explorer 0 Win Type - Total 7 Types 6/0/1/0/0/0/0/0/0/0 Lore% 84 Gallery% 73 Achievement% 62 Wizard Run 0 Options --------- Layout 1 ASCII 0 Keyboard 1 Movement Vi Keybinds 1 Fullscreen 2 Font 24/Smallcaps Map View 50x35 Zoom Use 0% Tactical HUD 1 Map Filters NONE Filters NONE Steam 1 RUN: 44bc9898-14f4-4cf3-9c6f-e696d0cbbd62